 Dungeon Crawl Stone Soup version bcrawl-1.37.2 (webtiles) character file.

Game seed: 2954601697258810597

15133131 Artagas the Conqueror (level 27, 273/273 HPs)
             Began as a Ghoul Chaos Knight on Oct 27, 2022.
             Was a High Priest of Nemelex Xobeh.
             Escaped with the Orb
             ... and 3 runes on Nov 14, 2022!
             The game lasted 04:55:22 (64857 turns).

Artagas the Conqueror (Ghoul Chaos Knight)         Turns: 64857, Time: 04:55:23

Health: 273/273    AC: 32    Str: 35    XL:     27
Magic:  37/37      EV: 29    Int: 13    God:    Nemelex Xobeh [*****.]
Gold:   5241       SH: 32    Dex: 44    Spells: 26/26 levels left

rFire    + + .     GDR:     55% a - +9 broad axe (elec)
rCold    + + .     SeeInvis .   p - +2 large shield
rNeg     + . .     Gourm    .   o - +8 gold dragon scales
rPois    +         Faith    .   P - +0 hat {Int+3}
rElec    .         Spirit   .   L - +1 cloak "Agat" {+Blink rPois Dex+8}
rCorr    .         Reflect  +   k - +0 pair of fencer's gloves {Riposte Dex+6}
MR       +++..                  (boots unavailable)
Stlth    ..........             X - +3 amulet of reflection
HPRegen  0.55/turn              j - +7 ring of strength
MPRegen  0.25/turn              l - ring "Leung" {+Blink rPois Dex+7 Slay+2}

@: agile, rotting, studying Throwing, quick
A: beak, claws 1, hooves 3, molten scales 1, slimy green scales 1, agile 2,
blink, carnivore, cold resistance 1, deformed body, fire resistance 1, speed 1,
magic resistance 1, negative energy resistance 1, poison resistance, partial
torment resistance, evolution 1, MP-powered wands, strong legs 1
0: Orb of Zot
}: 3/15 runes: serpentine, barnacled, silver
a: Hop, Blink, Draw Escape, Draw Destruction, Draw Summoning, Draw Stack, Triple
Draw, Deal Four, Stack Five, Renounce Religion, Evoke Blink


You escaped.
You worshipped Nemelex Xobeh.
Nemelex Xobeh was extremely pleased with you.
You were not hungry.

You visited 11 branches of the dungeon, and saw 43 of its levels.
You visited the Abyss 1 time.
You visited 1 bazaar.
You also visited: Ossuary and Ice Cave.

You collected 10475 gold pieces.
You spent 5234 gold pieces at shops.

Inventory:

Hand Weapons
 a - a +9 broad axe of electrocution (weapon)
   (You found it on level 4 of the Lair of Beasts)
 b - a +6 fustibalus
   (Xom gifted it to you on level 6 of the Dungeon)
Missiles
 f - 6 throwing nets {=f}
 E - 262 poisoned tomahawks (quivered)
 M - 2969 sling bullets
Armour
 i - the +2 pair of boots of the Sea {rElec rC+ Int+3 Dex-3}
   (You found it on level 2 of the Crypt)

   It affects your intelligence (+3).
   It affects your dexterity (-3).
   It protects you from cold.
   It insulates you from electricity.
 k - the +0 pair of fencer's gloves (worn) {Riposte Dex+6}
   (You found it on level 1 of the Realm of Zot)

   It affects your dexterity (+6).
 o - +8 gold dragon scales (worn)
   (You found it on level 4 of the Depths)
 p - a +2 large shield (worn)
   (You took it off a naga warrior on level 3 of the Snake Pit)
 L - the +1 cloak "Agat" (worn) {+Blink rPois Dex+8}
   (You acquired it on level 3 of the Depths)

   It affects your dexterity (+8).
   It protects you from poison.
   It lets you blink.
 P - a +0 hat of intelligence (worn)
   (You took it off Gastronok on level 12 of the Dungeon)
Jewellery
 j - a +7 ring of strength (left hand)
   (You found it on level 4 of the Lair of Beasts)
 l - the ring "Leung" (right hand) {+Blink rPois Dex+7 Slay+2}
   (You found it on level 5 of the Depths)

   [ring of dexterity]

   It affects your dexterity (+7).
   It affects your accuracy and damage with ranged weapons and melee attacks
   (+2).
   It protects you from poison.
   It lets you blink.
 m - an uncursed ring of protection from magic
   (You found it on level 1 of the Lair of Beasts)
 x - the ring of Kafuawna {rCorr MP-9 Str+4 SInv}
   (You found it on level 1 of the Shoals)

   [ring of resist corrosion]

   It affects your strength (+4).
   It affects your magic capacity (-9).
   It lets you see invisible.
   It provides partial protection from all sources of acid and corrosion.
 Q - the ring of Ygohul {MR+ MP+9 SInv}
   (You bought it in a shop on level 8 of the Dungeon)

   [ring of see invisible]

   It affects your resistance to hostile enchantments.
   It affects your magic capacity (+9).
   It lets you see invisible.
 U - the ring of Ybepann {rElec rPois rF+ Slay+2}
   (You took it off a spriggan on level 4 of the Depths)

   [ring of protection from fire]

   It affects your accuracy and damage with ranged weapons and melee attacks
   (+2).
   It protects you from fire.
   It insulates you from electricity.
   It protects you from poison.
 X - a +3 amulet of reflection (around neck)
   (You took it off a kobold on level 12 of the Dungeon)
Wands
 c - a wand of charming (10)
   (You bought it in a shop on level 7 of the Dungeon)
 r - a wand of acid (44)
   (You found it on level 2 of the Snake Pit)
 v - a wand of digging (25)
   (You found it on level 4 of the Lair of Beasts)
 T - a wand of clouds (17)
   (Xom gifted it to you on level 4 of the Dungeon)
 Y - a wand of paralysis (44)
   (You found it on level 5 of the Dungeon)
 Z - a wand of iceblast (45)
   (You found it on level 9 of the Dungeon)
Scrolls
 t - 26 scrolls of teleportation
 u - 7 scrolls of immolation
 y - 4 scrolls of vulnerability
 z - 8 scrolls of blinking
 H - 6 scrolls of magic mapping
 J - 8 scrolls of fear
 R - 9 scrolls of fog
 V - 4 scrolls of silence
Potions
 d - 4 potions of might
 g - 6 potions of flight
 h - 2 potions of haste
 q - 15 potions of curing
 s - 9 potions of agility
 w - 4 potions of heal wounds
 A - a potion of brilliance
 B - 4 potions of ambrosia
 D - 9 potions of cancellation
 G - a potion of magic
 I - 5 potions of invisibility
 N - 9 potions of mutation
Miscellaneous
 C - a lamp of fire (inert)
   (You found it in an ice cave)
 F - a lightning rod (4/4)
   (You found it on level 1 of the Vaults)
 K - 4 boxes of beasts
 O - a phial of floods
   (Xom gifted it to you on level 8 of the Dungeon)
 S - 3 phantom mirrors
Comestibles
 e - 51 rations {!d}
 n - 7 chunks of flesh


   Skills:
 O Level 27 Fighting
 - Level 18.0 Axes
 - Level 16.0 Slings
 - Level 18.0 Armour
 - Level 14.0 Dodging
 + Level 17.9 Shields
 - Level 20.0 Invocations
 - Level 11.0 Evocations


You had 26 spell levels left.
You didn't know any spells.
Your spell library contained the following spells:

 Spells                   Type           Power        Failure   Level  Hunger
 Apportation              Tloc           #.....       100%        1    None
 Beastly Appendage        Tmut           #.....       100%        1    None
 Corona                   Hex            #......      100%        1    None
 Infusion                 Chrm           #.......     100%        1    None
 Magic Dart               Conj           #...         100%        1    None
 Necrotize                Necr           #.....       100%        1    None
 Sandblast                Erth           #.....       100%        1    None
 Slow                     Hex            #.......     100%        1    None
 Static Discharge         Air            #.....       100%        1    None
 Sting                    Conj/Pois      #...         100%        1    None
 Summon Butterflies       Summ           #.......     100%        1    None
 Summon Small Mammal      Summ           #...         100%        1    None
 Blink                    Tloc           N/A          100%        2    ####...
 Call Imp                 Summ           #.....       100%        2    ####...
 Ensorcelled Hibernation  Hex/Ice        #.....       100%        2    ####...
 Passwall                 Tmut/Erth      #.......     100%        2    ####...
 Poisonous Vapours        Pois/Air       #.....       100%        2    ####...
 Shackle                  Hex            #.......     100%        2    ####...
 Shock                    Conj/Air       #......      100%        2    ####...
 Sticks to Snakes         Tmut           #.......     100%        2    ####...
 Swiftness                Chrm/Air       #.......     100%        2    ####...
 Beckoning                Tloc           #.........   100%        3    #####..
 Call Canine Familiar     Summ           #.......     100%        3    #####..
 Confuse                  Hex            #.......     100%        3    #####..
 Conjure Flame            Conj/Fire      #.......     100%        3    #####..
 Dazzling Orbs            Conj/Hex       #......      100%        3    #####..
 False Image              Hex/Summ       #.......     100%        3    #####..
 Inner Flame              Hex/Fire       N/A          100%        3    #####..
 Iskenderun's Mystic Bla  Conj           #.......     100%        3    #####..
 Mephitic Cloud           Conj/Pois/Air  #.......     100%        3    #####..
 Recall                   Summ/Tloc      N/A          100%        3    #####..
 Spider Form              Tmut/Pois      #..          100%        3    #####..
 Stone Arrow              Conj/Erth      #.....       100%        3    #####..
 Teleport Other           Tloc           #.......     100%        3    #####..
 Tukima's Dance           Hex            #.......     100%        3    #####..
 Vampiric Draining        Necr           #.........   100%        3    #####..
 Agony                    Necr           #.......     100%        4    ######.
 Animate Dead             Necr           N/A          100%        4    ######.
 Cause Fear               Hex            #.........   100%        4    ######.
 Ice Form                 Ice/Tmut       #.......     100%        4    ######.
 Lightning Bolt           Conj/Air       #.......     100%        4    ######.
 Petrify                  Tmut/Erth      #.........   100%        4    ######.
 Summon Ice Beast         Ice/Summ       #.......     100%        4    ######.
 Yara's Violent Unravell  Hex/Tmut       #.........   100%        4    ######.
 Blade Hands              Tmut           #.........   100%        5    #######
 Bolt of Draining         Conj/Necr      #.........   100%        5    #######
 Dispel Undead            Necr           #.......     100%        5    #######
 Fireball                 Conj/Fire      #.........   100%        5    #######
 Freezing Cloud           Ice/Air        #.......     100%        5    #######
 Iskenderun's Battlesphe  Conj/Chrm      #.......     100%        5    #######
 Lee's Rapid Deconstruct  Erth           #.........   100%        5    #######
 Metabolic Englaciation   Hex/Ice        #.........   100%        5    #######
 Piercing Shot            Chrm           #.........   100%        5    #######
 Steam Barrier            Chrm/Fire      #.........   100%        5    #######
 Summon Demon             Summ           #.........   100%        5    #######
 Summon Forest            Summ/Tloc      #.........   100%        5    #######
 Summon Lightning Spire   Summ/Air       #.......     100%        5    #######
 Summon Mana Viper        Hex/Summ       #.......     100%        5    #######
 Aura of Abjuration       Summ           #.........   100%        6    #######
 Bolt of Cold             Conj/Ice       #.........   100%        6    #######
 Bolt of Fire             Conj/Fire      #.........   100%        6    #######
 Conjure Ball Lightning   Conj/Air       #.........   100%        6    #######
 Death Channel            Chrm/Necr      #.........   100%        6    #######
 Dispersal                Tloc           #.........   100%        6    #######
 Infestation              Hex/Tmut/Pois  #........    100%        6    #######
 Iron Shot                Conj/Erth      #.........   100%        6    #######
 Poison Arrow             Conj/Pois      #.........   100%        6    #######
 Discord                  Hex            #.........   100%        7    #######
 Dragon Form              Tmut           #......      100%        7    #######
 Haunt                    Necr/Summ      #.........   100%        7    #######
 Icicle Burst             Conj/Ice       #.........   100%        7    #######
 Mana Rupture             Conj/Hex       #.........   100%        7    #######
 Shadow Creatures         Summ           N/A          100%        7    #######
 Borgnjor's Revivificati  Necr           #.........   100%        8    #######
 Chain Lightning          Conj/Air       #.........   100%        8    #######
 Time Stop                Chrm/Tloc      N/A          100%        8    #######
 Dragon's Call            Summ           #.........   100%        9    #######
 Fire Storm               Conj/Fire      #.........   100%        9    #######
 Necromutation            Tmut/Necr      Unusable     N/A         8    N/A

Dungeon Overview and Level Annotations

Branches:
Dungeon (12/12)            Temple (1/1) D:5            Lair (6/6) D:7
 Shoals (3/3) Lair:2        Snake (3/3) Lair:2        Slime (0/5) Lair:6
    Orc (1/1) D:8             Elf (2/3) Orc          Vaults (3/3) D:11
  Crypt (2/2) Vaults:1       Tomb (0/3) Crypt:2      Depths (5/5) D:12
    Zot (5/5) Depths:5

Altars:
Ashenzari
Cheibriados
Dithmenos
Gozag
Hepliaklqana
Kikubaaqudgha
Lugonu
Makhleb
Nemelex Xobeh
Okawaru
Qazlal
Ru
Sif Muna
Trog
Uskayaw
Vehumet
Wu Jian
Xom
Yredelemnul
Jiyva

Shops:
D:7 *   D:8 =   D:11 %   Orc [%:*   Elf:1 }   Snake:1 (   Snake:2 ?
Vaults:2 (   Vaults:3 %!!   Depths:5 *

Portals:
Hell: Depths:1 Depths:2 Depths:3 Depths:4 Depths:5
Abyss: Depths:1 Depths:3 Depths:4 Depths:5
Pandemonium: Orc Depths:2 Depths:3 Depths:5
Ziggurat: Depths:2

Annotations:
D:11 1 runed door
Lair:6 exclusion: 5 oklob plants
Shoals:1 1 runed translucent door, SansUndertale's ghost, journeyman NaFi


Innate Abilities, Weirdness & Mutations

Eating raw meat heals you.
You have sharp fingernails.
You are carnivorous and can eat meat at any time.
You cover ground quickly.
You resist negative energy. (rN+)
Your system is resistant to poisons. (rPois)
You are less affected by unholy pain and torment.
You can hop short distances.
You have a beak for a mouth.
You have hooves in place of feet.
You are partially covered in molten scales. (AC +2)
You are partially covered in slimy green scales. (AC +2)
You are very agile. (Dex +4)
You can translocate small distances at will.
Your flesh is cold resistant. (rC+)
Armour fits poorly on your strangely shaped body.
Your flesh is heat resistant. (rF+)
You are resistant to hostile enchantments. (MR+)
You evolve.
You expend magic power (3 MP) to strengthen your wands.


Message History

You climb upwards.
There is a stone staircase leading down here.
Things that are here:
a +0 robe; a +3 hand axe
There is a stone staircase leading up here.
You climb upwards.
There is a stone staircase leading down here.
There is a stone staircase leading up here.
You climb upwards.
There is a stone staircase leading down here.
A demonic crawler comes into view.
There is a stone staircase leading up, spattered with blood here.
You slash the demonic crawler! You kick the demonic crawler.
You peck the demonic crawler, but do no damage.
The demonic crawler is moderately wounded.
You slice the demonic crawler!!
You kick the demonic crawler, but do no damage.
You peck the demonic crawler.
The demonic crawler is almost dead.
Visions of eating the demonic crawler fill your mind.
You block the demonic crawler's attack. x3
You hit the demonic crawler. You kick the demonic crawler.
You break out of your daze!
You kill the demonic crawler!
You see here a demonic crawler corpse.
You butcher the demonic crawler corpse.
n - 7 chunks of flesh
There is a stone staircase leading up, spattered with blood here.
(D) Dungeon (T) Temple (L) Lair (A) Shoals (P) Snake Pit (M) Slime Pits (O) Orcish Mines (E) Elven Halls (V) Vaults (C) Crypt (W) Tomb (U) Depths (H) Hell (Z) Zot
Where to? (Enter - D:1 @ (x,y), ? - help)
What level of the Dungeon? (default 1, ? - help)
You climb upwards.
There is a stone staircase leading down here.
There is a stone staircase leading up here.
You climb upwards.
There is a stone staircase leading down here.
An Orb Guardian comes into view.
An Orb Guardian comes into view.
The Orb Guardian moves out of view.
You block the Orb Guardian's attack.
There is a stone staircase leading up here.
You slice the Orb Guardian like a ripe choko!!!
Lightning courses through the Orb Guardian!
You kick the Orb Guardian, but do no damage.
Your peck misses the Orb Guardian.
The Orb Guardian is almost dead.
Your shield and gold dragon scales prevent you from hitting the Orb Guardian.
You block the Orb Guardian's attack. x2
You hit the Orb Guardian but do no damage.
Lightning courses through the Orb Guardian!
You kill the Orb Guardian!
You hit the Orb Guardian but do no damage.
Lightning courses through the Orb Guardian!
Xom's power touches on a nearby monster.
The Orb Guardian evaporates and reforms as an ettin!
You catch the helpless ettin completely off-guard!
You slash the ettin! You kick the ettin, but do no damage. You peck the ettin!
The ettin is moderately wounded.
You block the ettin's attack. The ettin hits you!!
You slice the ettin!! You kick the ettin, but do no damage.
The ettin is severely wounded.
You strike the helpless ettin from behind!
You slice the ettin like a ripe choko!!!
Lightning courses through the ettin!
You kill the ettin!
(D) Dungeon (T) Temple (L) Lair (A) Shoals (P) Snake Pit (M) Slime Pits (O) Orcish Mines (E) Elven Halls (V) Vaults (C) Crypt (W) Tomb (U) Depths (H) Hell (Z) Zot
Where to? (Enter - D:1 @ (x,y), ? - help)
What level of the Dungeon? (default 1, ? - help)
You climb upwards.
There is a stone staircase leading down here.
There is a stone staircase leading up here.
You climb upwards.
There is a stone staircase leading down here.
HP restored.
There is a stone staircase leading up here.
You climb upwards.
There is a stone staircase leading down here.
There is a stone staircase leading up here.
You climb upwards.
There is a stone staircase leading down here.
You open the door.
There is an open door here.
There is a staircase leading out of the dungeon here.
Put on which piece of jewellery? (? for menu, Esc to quit)
You're wearing all the rings you can.
Remove which one? (? for menu, Esc to cancel) < or
j - a +7 ring of strength > or
Q - the ring of Ygohul {MR+ MP+9 SInv} You remove the ring of Ygohul {MR+ MP+9 SInv}.
You feel agile.
l - the ring "Leung" (right hand) {+Blink rPois Dex+7 Slay+2} You feel agile all of a sudden.
The power of the Orb breaks the dimensional shunt like a soap bubble!
You have escaped!

##........##....# ###......
#.>........#....# #...##..#
#..........#....# #...#...#
#..........#.#.######..##[.##
#.......####'####..##.###..##
#.......#.......#............
##......#.8.8.8.#.#####...###
#.......#.......#.# #...# #
#.......'.8.@.8.'.# #...# #
#.......#.......### #...# #
#.......#.8.8.8.# ##### #
#.......#.......# #
##......####'####
##..........# ############


There were no monsters in sight!

Vanquished Creatures
  3 juggernauts
  2 orbs of fire (Zot:5)
  5 ancient liches
  Mennas (Depths:3)
  Xtahua (Depths:2)
  6 Killer Klowns
  8 golden dragons
  6 caustic shrikes
  Jory (Crypt:2)
  Frederick (Depths:4)
  Gastronok (D:12)
  A profane servitor (Depths:1)
  Nikola (Depths:3)
  7 rockslimes
  the Enchantress (Depths:4)
  An Orb Demon (Zot:1)
  3 electric golems
  9 tentacled monstrosities
  20 Orb Guardians
  5 liches
  An acid blob (Depths:2)
  7 titans
  4 quicksilver dragons
  4 ancient champions
  A deep elf blademaster (Elf:2)
  An Executioner (Depths:1)
  4 shadow dragons
  2 tentacled starspawn (Abyss:1)
  12 storm dragons
  6 death cobs
  Kirke (D:11)
  7 nagarajas
  5 sphinxes
  7 tengu reavers
  Agnes (Snake:2)
  10 ghouls
  A revenant (Crypt:2)
  4 draconian monks
  A balrug (Zot:2)
  23 frost giants
  2 azure jellies
  13 fire giants
  3 draconian knights
  2 war gargoyles (Vaults:3)
  A ghost moth (Depths:4)
  4 iron dragons
  7 vault wardens
  Aizul (Snake:2)
  2 orc warlords
  A juggernaut zombie (Crypt:1)
  An angel (Zot:4)
  An emperor scorpion (Zot:1)
  20 stone giants
  A draconian shifter (Zot:3)
  3 draconian scorchers
  11 ironheart preservers
  An eye of devastation (Depths:3)
  3 draconian annihilators
  15 very ugly things
  12 spriggan defenders
  2 green draconians
  A deep elf demonologist (Depths:3)
  3 purple draconians
  Nessos (Orc)
  A dire elephant (shapeshifter) (Vaults:3)
  22 vampire knights (Crypt:2)
  2 deep elf annihilators (Elf:1)
  An entropy weaver (Vaults:1)
  A spark wasp (shapeshifter) (Vaults:2)
  6 white draconians
  9 red draconians
  13 dire elephants
  7 black draconians
  10 spark wasps
  6 yellow draconians
  4 eidola
  12 ettins
  A mummy priest (Crypt:2)
  An entropy weaver (shapeshifter) (Depths:4)
  A green death (Zot:1)
  A deep elf death mage (Depths:4)
  2 crystal guardians (Vaults:3)
  A merfolk javelineer (Shoals:3)
  10 fire dragons
  6 merfolk impalers
  16 yaktaur captains
  12 jiangshi
  4 hydras
  A quicksilver dragon skeleton (Crypt:1)
  Harold (D:9)
  9 rakshasas
  30 vault guards
  10 naga warriors
  A catoblepas (D:12)
  A hell beast (Depths:2)
  15 ice dragons
  2 death knights
  5 merfolk avatars
  3 merfolk aquamancers
  6 spriggan air magi
  A shadow wraith (Vaults:3)
  44 two-headed ogres
  7 deep troll shamans
  8 great orbs of eyes
  A tengu warrior (D:12)
  20 dancing weapons
  8 anacondas
  3 satyrs
  11 ogre magi
  13 deep troll earth magi
  10 sea snakes
  11 naga sharpshooters
  8 vampire magi
  3 ironheart beastmasters
  10 spriggan berserkers
  A thrashing horror (Abyss:1)
  A sea snake (shapeshifter) (Depths:3)
  A storm dragon zombie (Crypt:2)
  6 shock serpents
  10 orc high priests
  15 deep elf knights
  8 large abominations
  2 soul eaters
  5 sun demons
  21 deep trolls
  2 wretched stars (Abyss:1)
  43 skeletal warriors
  24 centaur warriors
  A salamander mystic (Depths:4)
  2 iron trolls
  11 hell knights
  A gelid demonspawn (IceCv)
  An unseen horror (Depths:4)
  A storm dragon skeleton (Abyss:1)
  5 flayed ghosts
  5 glowing orange brains
  An infernal demonspawn (Orc)
  A lindwurm (shapeshifter) (Vaults:3)
  4 starcursed masses (Abyss:1)
  9 ironheart convokers
  2 torturous demonspawn (Orc)
  An unseen horror (shapeshifter) (Depths:2)
  5 naga ritualists
  5 cyclopes
  7 mana vipers
  A cyclops (shapeshifter) (Snake:3)
  A golden dragon skeleton (Crypt:1)
  10 deep elf archers
  25 phantasmal warriors
  2 shadow dragon skeletons (Crypt:1)
  A lindwurm (Shoals:3)
  10 wizards
  A stone giant zombie (Crypt:2)
  10 harpies
  6 orc knights
  An apocalypse crab (Abyss:1)
  A shining eye (Depths:4)
  4 oklob plants
  59 deep elf magi
  6 necromancers
  6 orc sorcerers
  9 fauns
  8 salamanders
  14 moths of wrath
  2 worldbinders (Abyss:1)
  A fire giant zombie (Crypt:2)
  45 ugly things
  8 manticores
  A rust devil (Depths:2)
  5 merfolk sirens
  A dire elephant zombie (Crypt:1)
  A shock serpent zombie (Crypt:2)
  18 black mambas
  A black mamba (shapeshifter) (Depths:1)
  16 elephants
  A water nymph (shapeshifter) (Depths:4)
  3 guardian serpents
  18 naga magi
  12 vault sentinels
  2 ice statues (IceCv)
  11 cane toads
  2 will-o'-wisps (Lair:6)
  A yellow draconian zombie (Crypt:2)
  4 water nymphs
  A gargoyle (D:11)
  An emperor scorpion zombie (Crypt:2)
  2 torpor snails
  5 komodo dragons
  9 flying skulls
  A dire elephant skeleton (Crypt:1)
  6 freezing wraiths
  22 yaktaurs
  A rime drake (Lair:5)
  A demonic crawler (D:7)
  A komodo dragon (shapeshifter) (Depths:5)
  2 yaktaurs (shapeshifter)
  2 ancient zymes (Abyss:1)
  A tengu conjurer (Depths:5)
  9 guardian mummies
  11 ice devils (IceCv)
  4 eyes of draining
  12 merfolk
  A hydra zombie (Crypt:2)
  5 trolls
  A meliai (D:8)
  2 red devils
  A polar bear (Lair:6)
  A harpy skeleton (Crypt:2)
  2 wind drakes
  2 bog bodies
  6 hornets
  4 raiju
  7 dream sheep
  A hippogriff (shapeshifter) (Depths:2)
  A stone giant simulacrum (Depths:2)
  9 snapping turtles
  Prince Ribbit (D:6)
  6 blink frogs
  An ice dragon zombie (Crypt:1)
  A satyr zombie (Crypt:2)
  39 slime creatures
  A frost giant simulacrum (Vaults:1)
  12 hippogriffs
  A meliai zombie (D:8)
  4 air elementals
  2 shadows
  3 ynoxinuls
  6 spriggans
  31 yaks
  Sigmund (D:6)
  3 wyverns
  10 wraiths
  2 basilisks
  11 water elementals
  3 hogs (D:11)
  3 vampire mosquitoes (Lair:6)
  5 golden eyes
  A golden eye (shapeshifter) (Depths:1)
  A hungry ghost (D:10)
  2 chaos spawn (Depths:4)
  A basilisk (shapeshifter) (Vaults:3)
  A redback (Vaults:1)
  A faun zombie (Crypt:1)
  A swamp worm (Shoals:3)
  24 nagas
  A swamp worm (shapeshifter) (Depths:4)
  12 crocodiles
  3 wargs
  A cane toad zombie (Crypt:2)
  7 floating eyes
  5 porcupines
  2 water moccasins
  A cane toad skeleton (Crypt:1)
  A meliai simulacrum (D:11)
  5 ice beasts
  A soldier ant (D:10)
  A swamp drake (Lair:4)
  4 sky beasts
  41 orc warriors
  A soldier ant (shapeshifter) (Depths:4)
  2 black bears
  5 necrophages
  8 phantoms
  A hornet zombie (D:8)
  2 tengu (Lair:6)
  A swamp dragon zombie (Crypt:2)
  33 ogres
  9 boggarts
  A tengu (shapeshifter) (Vaults:3)
  A hog zombie (Crypt:2)
  3 wolves (Lair:1)
  2 kobold brigands
  An elf zombie (Crypt:1)
  13 bullfrogs
  An earth elemental (Elf:2)
  An elf skeleton (Crypt:2)
  A salamander skeleton (Crypt:1)
  A wyvern skeleton (D:9)
  A centaur (D:9)
  17 small abominations
  4 scorpions
  9 killer bees
  A spriggan zombie (Crypt:2)
  3 electric eels (Snake:1)
  12 wights
  21 orc priests
  A howler monkey (D:9)
  6 crimson imps
  A human simulacrum (Vaults:2)
  6 hounds
  3 human zombies (Crypt:1)
  3 quasits
  A bullfrog zombie (D:5)
  8 jellies
  18 orc wizards
  2 bullfrog skeletons
  A gnoll shaman (D:9)
  Terence (D:2)
  4 human skeletons (Crypt:1)
  3 hell rats (Lair:4)
  5 iguanas
  11 worker ants
  A worker ant (shapeshifter) (Depths:4)
  A killer bee zombie (D:5)
  A porcupine skeleton (D:10)
  An ogre zombie (Crypt:2)
  A hound zombie (D:9)
  A hound skeleton (D:10)
  11 mummies
  3 worker ant zombies
  A howler monkey zombie (Crypt:2)
  11 gnolls
  19 adders
  6 river rats
  A shadow imp (D:9)
  2 swamp drake skeletons
  18 white imps
  7 ufetubi
  8 oozes
  4 adder zombies
  2 adder skeletons
  4 worms
  A barachi zombie (Crypt:1)
  4 dart slugs
  2 leopard geckos
  71 orcs
  An orc (shapeshifter) (Vaults:3)
  4 giant cockroaches
  8 goblins
  6 hobgoblins
  8 jackals
  11 kobolds
  6 quokkas
  4 ball pythons
  8 bats
  5 frilled lizards
  A gnoll zombie (Ossuary)
  2 hobgoblin zombies
  A jackal skeleton (D:5)
  7 kobold zombies
  An orc zombie (Ossuary)
  A quokka skeleton (D:4)
  11 rats
  A ball lightning (Lair:4)
  2 fire vortices (Depths:2)
  7 fungi
  17 plants
2135 creatures vanquished.

Vanquished Creatures (collateral kills)
  A juggernaut (Depths:3)
  2 orbs of fire (Zot:5)
  An ancient lich (Zot:5)
  A Killer Klown (Zot:5)
  2 pandemonium lords
  Bai Suzhen (Vaults:1)
  An electric golem (Zot:5)
  3 Orb Guardians (Zot:5)
  A shadow dragon (Zot:1)
  A draconian shifter (Zot:3)
  An ironheart preserver (Vaults:2)
  A yellow draconian (Zot:3)
  A spark wasp (Depths:5)
  4 dire elephants
  A fire dragon (Depths:3)
  A merfolk impaler (Shoals:3)
  A vault guard (Vaults:3)
  A spriggan air mage (Depths:4)
  Psyche (D:8)
  A merfolk avatar (Shoals:1)
  A two-headed ogre (Vaults:2)
  A sea snake (Shoals:3)
  5 dancing weapons
  A tengu warrior (D:12)
  An ironheart beastmaster (Vaults:3)
  A sun demon (Orc)
  2 deep elf knights (Elf:2)
  A spriggan (Depths:3)
  A deep troll (Elf:2)
  An orc high priest (Orc)
  3 hell knights
  A sixfirhy (Orc)
  2 skeletal warriors (Crypt:1)
  A centaur warrior (Vaults:2)
  A flayed ghost (Vaults:2)
  A phantasmal warrior (Vaults:2)
  A necromancer (Depths:5)
  An orc knight (Elf:1)
  A salamander (Snake:1)
  5 deep elf magi
  A cyclops (Shoals:1)
  4 ugly things
  A manticore (Shoals:1)
  A faun (Lair:2)
  2 elephants
  Joseph (D:7)
  A gargoyle (D:8)
  An orange demon (Orc)
  A komodo dragon (Depths:2)
  A merfolk (Shoals:3)
  2 slime creatures
  A hornet (Depths:3)
  3 dream sheep (Lair:5)
  A frost giant simulacrum (Abyss:1)
  2 hippogriffs
  2 yaks
  A hog (Lair:6)
  A vampire mosquito (Lair:6)
  A naga (Lair:2)
  Duvessa (D:4)
  2 orc warriors
  A swamp drake (Lair:6)
  An ice beast (D:8)
  A tengu (Elf:2)
  2 ogres
  2 wolves (Lair:1)
  2 snapping turtle skeletons (Crypt:1)
  2 bullfrogs
  A small abomination (Abyss:1)
  Dowan (D:4)
  A wight (D:9)
  An orc priest (Orc)
  A bullfrog zombie (D:8)
  A hound (D:8)
  2 orc wizards (D:8)
  An iron imp (Abyss:1)
  A worker ant (D:8)
  An adder (D:9)
  A gnoll (D:8)
  A white imp (Orc)
  4 orcs (D:8)
  A quokka (D:8)
  A plant (Lair:4)
120 creatures vanquished.

Vanquished Creatures (others)
  A tentacled monstrosity (Zot:2)
  A draconian knight (Zot:2)
  An iron dragon (Depths:4)
  2 stone giants
  A spark wasp (Zot:4)
  2 black draconians (Zot:4)
  2 merfolk javelineers
  4 yaktaur captains
  A naga warrior (Snake:2)
  An ironheart beastmaster (Vaults:1)
  5 dancing weapons
  A naga sharpshooter (Snake:3)
  A shock serpent (Zot:4)
  5 centaur warriors
  3 deep elf knights (Elf:2)
  A deep troll (Vaults:2)
  2 skeletal warriors (Crypt:1)
  2 deep elf archers (Elf:2)
  2 cyclopes
  2 deep elf magi
  2 fauns (Shoals:1)
  3 moths of wrath (Zot:5)
  A naga mage (Snake:3)
  8 yaktaurs
  An ice devil (IceCv)
  2 merfolk (Shoals:1)
  A meliai zombie (D:11)
  2 water elementals
  A fire elemental (Elf:2)
  A hog (D:11)
  A human (D:11)
  A soldier ant (D:11)
  A tengu (Shoals:3)
  A boggart (Vaults:1)
  4 centaurs (Shoals:2)
  A scorpion (D:7)
  A small abomination (Zot:2)
  An orc priest (Snake:2)
  2 orc wizards
  A mummy (Crypt:2)
  4 white imps (IceCv)
  3 ufetubi (IceCv)
  3 orcs
  A ball lightning (Depths:4)
  13 fungi
  3 lurking horrors (Depths:1)
  26 plants
  6 starspawn tentacles (Abyss:1)
135 creatures vanquished.

Grand Total: 2390 creatures vanquished

Notes
Turn   | Place    | Note
-------+----------+-------------------------------------------
     0 | D:1      | Artagas the Ghoul Chaos Knight began the quest for the Orb.
     0 | D:1      | Reached XP level 1. HP: 19/19 MP: 1/1
    53 | D:1      | XOM: potion effect (might)
    59 | D:1      | Reached XP level 2. HP: 27/27 MP: 2/2
    59 | D:1      | XOM: divination: magic mapping
    69 | D:1      | Reached skill level 4 in Fighting
    80 | D:1      | XOM: harmless Necr miscast
   118 | D:1      | XOM: harmless Ice miscast
   173 | D:1      | XOM: medium Fire miscast
   254 | D:1      | XOM: fake destruction
   325 | D:1      | Reached XP level 3. HP: 34/34 MP: 3/3
   385 | D:1      | XOM: harmless Erth miscast
   681 | D:2      | Noticed Terence
   689 | D:2      | Killed Terence
   690 | D:2      | Reached skill level 4 in Axes
   690 | D:2      | Reached XP level 4. HP: 37/41 MP: 4/4
   928 | D:2      | Reached skill level 5 in Fighting
  1017 | D:2      | XOM: summons 3 hostile shadow creatures
  1115 | D:3      | XOM: summons 2 hostile demons
  1116 | D:3      | Noticed a red devil
  1315 | D:2      | Reached XP level 5. HP: 47/48 MP: 5/5
  1345 | D:2      | XOM: medium Chrm miscast
  1453 | D:3      | XOM: silly message
  1490 | D:3      | Reached skill level 5 in Axes
  2347 | D:3      | XOM: mild Air miscast
  2540 | D:4      | Noticed a bullfrog
  2547 | D:4      | Killed a bullfrog
  2548 | D:4      | Reached XP level 6. HP: 56/56 MP: 6/6
  2568 | D:4      | Reached skill level 6 in Axes
  2624 | D:4      | Noticed a phantom
  2639 | D:4      | Noticed Dowan
  2641 | D:4      | Noticed Duvessa
  2649 | D:4      | Killed Duvessa
  2656 | D:4      | Killed Dowan
  2657 | D:4      | Reached skill level 7 in Axes
  2657 | D:4      | Reached XP level 7. HP: 52/61 MP: 7/7
  2659 | D:4      | XOM: mild Erth miscast
  2728 | D:4      | Reached skill level 6 in Fighting
  2890 | D:4      | XOM: enchant monster (bad)
  2943 | D:4      | XOM: summons friendly shadow imp
  3050 | D:4      | Reached skill level 8 in Axes
  3050 | D:4      | Reached skill level 1 in Armour
  3068 | D:4      | XOM: god gift: wand of clouds (5)
  3168 | D:4      | Reached skill level 2 in Armour
  3168 | D:4      | Reached skill level 3 in Dodging
  3168 | D:4      | Reached XP level 8. HP: 67/70 MP: 8/8
  3312 | D:4      | XOM: give mutations
  3312 | D:4      | Gained mutation: You are agile. (Dex +2) [Xom's grace]
  3312 | D:4      | Gained mutation: Your muscles are strong. (Str +2) [Xom's
                  | grace]
  3312 | D:4      | Gained mutation: You have large cloven feet. [Xom's grace]
  3403 | D:4      | Reached skill level 4 in Dodging
  3446 | D:4      | XOM: god gift: 3 scrolls of teleportation
  3720 | D:5      | XOM: stealth player
  3720 | D:5      | Entered Level 5 of the Dungeon
  3892 | D:5      | Reached skill level 1 in Evocations
  3944 | D:5      | XOM: scenery: create altars
  4028 | D:5      | Found a faded altar of an unknown god.
  4029 | D:5      | Found a staircase to the Ecumenical Temple.
  4038 | Temple   | Entered the Ecumenical Temple
  4119 | Temple   | XOM: medium Summ miscast
  4120 | Temple   | Noticed a ynoxinul
  4254 | Temple   | Fell from the grace of Xom
  4254 | Temple   | Became a worshipper of Nemelex Xobeh the Trickster
  4372 | D:5      | Received a gift from Nemelex Xobeh
  4385 | D:5      | Reached skill level 2 in Evocations
  4771 | D:5      | Reached skill level 7 in Fighting
  4800 | D:5      | XOM is BORED!
  4800 | D:5      | XOM: give mutations
  4800 | D:5      | Gained mutation: You tend to lose your temper in combat.
                  | [Xom's mischief]
  4800 | D:5      | Lost mutation: You tend to lose your temper in combat.
                  | [Xom's mischief]
  4800 | D:5      | Gained mutation: You are occasionally teleported next to
                  | monsters. [Xom's mischief]
  4801 | D:5      | f me
  4817 | D:5      | XOM: give mutation
  4817 | D:5      | Gained mutation: You have a pair of small antennae on your
                  | head. [Xom's grace]
  4837 | D:5      | XOM: torment (58/73 hp)
  5098 | D:6      | XOM: scenery: create altars
  5118 | D:6      | Noticed a troll
  5127 | D:6      | Killed a troll
  5128 | D:6      | Reached skill level 3 in Evocations
  5128 | D:6      | Reached XP level 9. HP: 51/79 MP: 9/11
  5214 | D:6      | Noticed Sigmund
  5218 | D:6      | XOM: fake destruction
  5226 | D:6      | Killed Sigmund
  5227 | D:6      | Reached skill level 9 in Axes
  5227 | D:6      | Reached skill level 1 in Invocations
  5257 | D:6      | Noticed Prince Ribbit
  5331 | D:6      | Killed Prince Ribbit
  5332 | D:6      | Reached skill level 8 in Fighting
  5350 | D:6      | Found a sand-covered staircase.
  5356 | Ossuary  | Entered an ossuary
  5392 | Ossuary  | Reached skill level 2 in Invocations
  5400 | Ossuary  | Reached skill level 4 in Evocations
  5415 | Ossuary  | XOM: cloud trail
  5558 | Ossuary  | Lost mutation: You are agile. (Dex +2) [potion of mutation]
  5558 | Ossuary  | Gained mutation: Your mind is acute. (Int +2) [potion of
                  | mutation]
  5703 | D:6      | XOM: give mutation
  5703 | D:6      | Gained mutation: You possess an exceptional clarity of
                  | mind. [Xom's grace]
  5754 | D:6      | Got a bound bone amulet
  5824 | D:6      | Identified the amulet of the Scorching Curses {Rage +Fly}
                  | (You found it on level 6 of the Dungeon)
  5826 | D:6      | XOM: scenery: create altars
  5857 | D:6      | Reached skill level 3 in Invocations
  5878 | D:6      | XOM: 2-stop teleportation journey
  6048 | D:6      | Reached * piety under Nemelex Xobeh
  6127 | D:7      | Noticed Joseph
  6349 | D:7      | XOM: smoke on damage
  6351 | D:6      | XOM: potion effect (brilliance)
  6362 | D:6      | Reached skill level 4 in Invocations
  6362 | D:6      | XOM: fog
  6481 | D:6      | XOM: god gift: glowing fustibalus {god gift}
  6537 | D:7      | Reached skill level 5 in Invocations
  6641 | D:7      | XOM: scenery: 1 doors open
  6750 | D:7      | Reached skill level 9 in Fighting
  6843 | D:7      | Reached XP level 10. HP: 65/91 MP: 13/13
  6858 | D:7      | XOM: divination: magic mapping
  6920 | D:7      | XOM: fog
  6950 | D:7      | Received a gift from Nemelex Xobeh
  6958 | D:7      | Found Oxitan's General Store.
  6974 | D:7      | Reached skill level 3 in Armour
  7075 | D:7      | Bought a scroll of noise for 13 gold pieces
  7075 | D:7      | Bought a scroll of enchant armour for 97 gold pieces
  7124 | D:7      | XOM: summons 10 friendly demons
  7132 | D:7      | Killed Joseph
  7133 | D:7      | Reached skill level 5 in Dodging
  7170 | D:7      | XOM: god gift: 1382 gold pieces
  7246 | D:7      | XOM: polymorph kobold brigand -> bat
  7325 | D:7      | XOM: polymorph troll -> sky beast
  7520 | D:7      | Found a staircase to the Lair.
  7623 | D:7      | XOM: scenery: create altars
  7670 | Lair:1   | Entered Level 1 of the Lair of Beasts
  7754 | Lair:1   | XOM: cast spell 'Summon Hydra'
  7830 | Lair:1   | XOM: summons 1 hostile shadow creature
  7971 | Lair:1   | XOM: blink monster(s)
  7972 | Lair:1   | Reached skill level 10 in Fighting
  7992 | Lair:1   | Reached skill level 4 in Armour
  8003 | Lair:1   | Reached skill level 6 in Dodging
  8020 | Lair:1   | Found a sacrificial altar of Ru.
  8045 | Lair:1   | XOM is BORED!
  8068 | Lair:1   | XOM: blink monster(s)
  8090 | Lair:1   | XOM: divination: detect items
  8290 | Lair:1   | XOM: cleaving
  8292 | Lair:1   | XOM: summons 6 friendly demons
  8300 | Lair:1   | Reached skill level 11 in Fighting
  8300 | Lair:1   | Reached skill level 1 in Slings
  8387 | Lair:1   | Reached skill level 2 in Slings
  8469 | Lair:1   | Got an ancient pewter ring
  8626 | Lair:1   | XOM: harmless Chrm miscast
  8730 | Lair:1   | Identified a ring "Reizeo" {+Fly rF+ Slay-4 Stlth+} (You
                  | found it on level 1 of the Lair of Beasts)
  8957 | Lair:2   | Reached skill level 3 in Slings
  8982 | Lair:2   | Reached ** piety under Nemelex Xobeh
  8995 | Lair:2   | XOM: mild Chrm miscast
  9095 | Lair:2   | Found a staircase to the Snake Pit.
  9124 | Lair:2   | XOM: harmless Conj miscast
  9138 | Lair:2   | Reached XP level 11. HP: 48/102 MP: 14/14
  9196 | Lair:2   | XOM: harmless Tloc miscast
  9315 | Lair:2   | Reached skill level 4 in Slings
  9389 | Lair:2   | XOM: enchant monster (bad)
  9525 | Lair:2   | XOM: 3-stop teleportation journey
  9554 | Lair:2   | XOM: medium Necr miscast
  9590 | Lair:2   | Noticed a faun
  9590 | Lair:2   | a komodo dragon changed into a faun
  9590 | Lair:2   | XOM: polymorph komodo dragon -> faun
  9600 | Lair:2   | Killed a faun
  9601 | Lair:2   | Reached skill level 5 in Slings
  9729 | Lair:2   | Noticed a seven-headed hydra
  9760 | Lair:2   | Killed a seven-headed hydra
  9761 | Lair:2   | Reached skill level 6 in Slings
 10125 | Lair:2   | Found a staircase to the Shoals.
 10134 | Lair:2   | XOM: summons friendly quasit
 10150 | Lair:2   | XOM: chaos upgrade
 10156 | Lair:2   | XOM is BORED!
 10174 | Lair:2   | XOM: scenery: 1 doors close
 10242 | Lair:2   | XOM: polymorph merfolk -> slime creature
 10566 | Lair:2   | Reached skill level 7 in Slings
 10653 | Lair:3   | Noticed an oklob plant
 10653 | Lair:3   | Noticed an oklob plant
 10675 | Lair:3   | XOM: repel stairs
 10680 | Lair:3   | XOM: snakes to sticks
 10693 | Lair:3   | XOM: divination: magic mapping
 10704 | Lair:3   | XOM: summons friendly iron imp
 10751 | Lair:3   | XOM: noise
 10755 | Lair:3   | Got a twisted chain mail
 10762 | Lair:3   | XOM: blink monster(s)
 10764 | Lair:3   | XOM: divination: detect items
 10792 | Lair:3   | Received a gift from Nemelex Xobeh
 10794 | Lair:3   | XOM: noise
 10807 | Lair:3   | XOM: 2-stop teleportation journey
 10960 | D:8      | Noticed Psyche
 10973 | D:8      | XOM: scenery: create altars
 10974 | D:8      | XOM: summons friendly quasit
 10976 | D:8      | Killed Psyche
 10977 | D:8      | Reached skill level 8 in Slings
 11008 | D:8      | Reached *** piety under Nemelex Xobeh
 11011 | D:8      | XOM: cloud trail
 11028 | D:8      | Identified the +7 chain mail "Ceshueno" {rElec rPois rF+
                  | Str+3} (You found it on level 3 of the Lair of Beasts)
 11029 | D:8      | XOM: god gift: wand of clouds (7)
 11054 | D:8      | XOM: give mutations
 11054 | D:8      | Gained mutation: Your body sometimes deteriorates upon
                  | taking damage. [Xom's mischief]
 11054 | D:8      | Lost mutation: You possess an exceptional clarity of mind.
                  | [Xom's mischief]
 11054 | D:8      | Gained mutation: You occasionally shout uncontrollably at
                  | your foes. [Xom's mischief]
 11054 | D:8      | Lost mutation: Your body sometimes deteriorates upon taking
                  | damage. [Xom's mischief]
 11184 | D:8      | XOM: divination: magic mapping
 11241 | D:8      | Found a staircase to the Orcish Mines.
 11257 | D:8      | Reached skill level 5 in Armour
 11283 | D:8      | XOM: enchant monster (good)
 11515 | D:8      | XOM: god gift: phial of floods
 11532 | D:8      | XOM: give mutations
 11532 | D:8      | Lost mutation: You occasionally shout uncontrollably at
                  | your foes. [Xom's mischief]
 11532 | D:8      | Lost mutation: You are occasionally teleported next to
                  | monsters. [Xom's mischief]
 11532 | D:8      | Lost mutation: Your mind is acute. (Int +2) [Xom's
                  | mischief]
 11532 | D:8      | Gained mutation: You are frail. (-10% HP) [Xom's mischief]
 11585 | D:8      | XOM: 6-stop teleportation journey
 11683 | D:8      | Found Etaliapi's Jewellery Boutique.
 11686 | D:8      | XOM: 1-stop teleportation journey
 11806 | D:8      | XOM: cast spell 'Summon Dragon'
 11809 | D:8      | Reached skill level 6 in Armour
 11809 | D:8      | Reached XP level 12. HP: 68/99 MP: 15/15
 11853 | D:8      | Bought the ring of Ygohul {MR+ MP+9 SInv} for 727 gold
                  | pieces
 12112 | Lair:3   | XOM: enchant monster (good)
 12366 | Lair:3   | Received a gift from Nemelex Xobeh
 13089 | Lair:3   | XOM: give mutations
 13089 | Lair:3   | Gained mutation: Your flesh is cold resistant. (rC+) [Xom's
                  | grace]
 13089 | Lair:3   | Gained mutation: You have hoof-like feet. [Xom's grace]
 13089 | Lair:3   | Gained mutation: Your spells are a little harder to cast,
                  | but a little more powerful. [Xom's grace]
 13089 | Lair:3   | Gained mutation: You have a beak for a mouth. [Xom's grace]
 13285 | Lair:4   | XOM: fog
 13292 | Lair:4   | Reached skill level 12 in Fighting
 13307 | Lair:3   | Reached skill level 9 in Slings
 13314 | Lair:3   | XOM: fog
 13366 | Lair:4   | XOM: destruction
 13479 | Lair:4   | XOM: polymorph blink frog -> swamp drake
 13482 | Lair:4   | XOM: summons 12 friendly demons
 13491 | Lair:4   | Reached skill level 10 in Axes
 13623 | Lair:4   | Noticed a six-headed hydra
 13623 | Lair:4   | XOM: blink monster(s)
 13638 | Lair:4   | XOM: harmless Hex miscast
 13666 | Lair:4   | Killed a six-headed hydra
 13887 | Lair:4   | Reached **** piety under Nemelex Xobeh
 13914 | Lair:4   | Received a gift from Nemelex Xobeh
 14466 | Lair:5   | Reached skill level 11 in Axes
 14466 | Lair:5   | XOM: cast spell 'Summon Scorpions'
 14595 | Lair:5   | Reached XP level 13. HP: 106/106 MP: 16/16
 14640 | Lair:5   | Received a gift from Nemelex Xobeh
 14648 | Lair:5   | XOM: 4-stop teleportation journey
 14732 | Lair:5   | Reached skill level 12 in Axes
 15078 | Lair:6   | Entered Level 6 of the Lair of Beasts
 15166 | Lair:6   | Received a gift from Nemelex Xobeh
 15214 | Lair:6   | XOM: summons 13 friendly demons
 15219 | Lair:6   | Found a staircase to the Slime Pits.
 15219 | Lair:6   | Found a viscous altar of Jiyva.
 15219 | Lair:6   | XOM: 10-stop teleportation journey
 15305 | Lair:6   | XOM: fog
 15312 | Lair:6   | Reached skill level 13 in Axes
 15355 | Lair:6   | XOM: confuse monster(s)
 15372 | Lair:6   | Reached skill level 7 in Armour
 15497 | Lair:6   | Reached skill level 6 in Invocations
 15532 | Lair:6   | Reached ***** piety under Nemelex Xobeh
 16033 | Lair:6   | Reached skill level 7 in Invocations
 16034 | Lair:6   | XOM: give mutations
 16034 | Lair:6   | Gained mutation: Your spells are harder to cast, but more
                  | powerful. [Xom's grace]
 16034 | Lair:6   | Gained mutation: You are surrounded by a mild repulsion
                  | field. (EV +2) [Xom's grace]
 16034 | Lair:6   | Gained mutation: You have hooves in place of feet. [Xom's
                  | grace]
 16166 | Lair:6   | XOM: scenery: 1 fountains blood, 3 doors close
 16259 | Lair:6   | XOM: summons 3 friendly demons
 16260 | Lair:6   | XOM: divination: detect creatures
 16262 | Lair:6   | XOM: scenery: create altars
 16267 | Lair:6   | XOM: fog
 16372 | Lair:6   | Reached skill level 8 in Invocations
 16390 | Lair:6   | Noticed a dire elephant
 16390 | Lair:6   | Noticed a dire elephant
 16397 | Lair:6   | Killed a dire elephant
 16401 | Lair:6   | Killed a dire elephant
 16413 | Lair:6   | Noticed a dire elephant
 16443 | Lair:6   | XOM: destruction
 16444 | Lair:6   | XOM: fog
 16450 | Lair:6   | XOM: cleaving
 16451 | Lair:6   | XOM: scenery: 2 doors close
 16457 | Lair:6   | Killed a dire elephant
 16715 | D:9      | XOM: 1-stop teleportation journey
 16718 | D:9      | XOM: enchant monster (good)
 16756 | D:9      | Reached XP level 14. HP: 97/113 MP: 20/20
 16783 | D:9      | Received a gift from Nemelex Xobeh
 16808 | D:9      | Got a transparent dagger
 16920 | D:9      | Noticed Harold
 16933 | D:9      | Killed Harold
 16934 | D:9      | Reached skill level 14 in Axes
 16935 | D:9      | XOM: cloud trail
 17153 | D:9      | Found a white marble altar of Elyvilon.
 17153 | D:9      | Found a corrupted altar of Lugonu.
 17192 | D:9      | XOM: give mutations
 17192 | D:9      | Gained mutation: You are resistant to hostile enchantments.
                  | (MR+) [Xom's grace]
 17192 | D:9      | Gained mutation: You have supernaturally acute eyesight.
                  | (SInv) [Xom's grace]
 17192 | D:9      | Gained mutation: You are partially covered in molten
                  | scales. (AC +2) [Xom's grace]
 17192 | D:9      | Gained mutation: You expend magic power (3 MP) to
                  | strengthen your wands. [Xom's grace]
 17206 | D:9      | Found a shimmering altar of Xom.
 17286 | D:9      | XOM: potion effect (heal wounds)
 17575 | D:9      | Identified the cursed +1 dagger of Kouhinn {pierce, +Rage
                  | rN+} (You found it on level 9 of the Dungeon)
 17588 | D:9      | XOM: give mutations
 17588 | D:9      | Lost mutation: You have hooves in place of feet. [Xom's
                  | mischief]
 17588 | D:9      | Lost mutation: You have supernaturally acute eyesight.
                  | (SInv) [Xom's mischief]
 17599 | D:10     | Entered Level 10 of the Dungeon
 17857 | D:10     | Reached skill level 15 in Axes
 17870 | D:10     | XOM: mild Pois miscast
 17947 | D:10     | XOM: polymorph two-headed ogre -> black mamba
 18128 | D:10     | Received a gift from Nemelex Xobeh
 18250 | D:10     | XOM: summons 2 hostile shadow creatures
 18452 | D:10     | Received a gift from Nemelex Xobeh
 18453 | D:10     | XOM: torment (89/113 hp)
 18633 | D:11     | Noticed Kirke
 18640 | D:11     | XOM: blink monster(s)
 18644 | D:11     | XOM: divine lightning
 18645 | D:11     | Killed Kirke
 18716 | D:11     | XOM: fog
 18733 | D:11     | XOM: give mutation
 18733 | D:11     | Lost mutation: You are frail. (-10% HP) [Xom's mischief]
 18769 | D:11     | XOM: harmless Ice miscast
 18774 | D:11     | Received a gift from Nemelex Xobeh
 18859 | D:11     | Found a gate to the Vaults.
 18895 | D:11     | XOM: blink monster(s)
 18898 | D:11     | XOM: chaos upgrade
 18906 | D:11     | Reached skill level 16 in Axes
 19023 | D:11     | XOM: divine lightning
 19029 | D:11     | XOM: confusion
 19033 | D:11     | XOM: swap monsters
 19056 | D:11     | XOM: confusion
 19318 | D:11     | XOM: give mutations
 19318 | D:11     | Gained mutation: You are highly resistant to hostile
                  | enchantments. (MR++) [Xom's grace]
 19318 | D:11     | Gained mutation: You have hooves in place of feet. [Xom's
                  | grace]
 19318 | D:11     | Gained mutation: You can translocate small distances at
                  | will. [Xom's grace]
 19318 | D:11     | Gained mutation: You are mostly covered in molten scales.
                  | (AC +3) [Xom's grace]
 19402 | D:11     | Found Erailum's Food Shoppe.
 19437 | D:11     | Received a gift from Nemelex Xobeh
 19601 | D:11     | XOM: medium Chrm miscast
 19671 | D:11     | Found a runed door.
 19906 | D:12     | Entered Level 12 of the Dungeon
 19956 | D:12     | Noticed Gastronok
 19958 | D:12     | XOM: noise
 20017 | D:12     | XOM: fog
 20023 | D:12     | XOM: enchant monster (good)
 20024 | D:12     | XOM: enchant monster (good)
 20026 | D:12     | Killed Gastronok
 20027 | D:12     | Reached skill level 13 in Fighting
 20027 | D:12     | Reached skill level 8 in Armour
 20027 | D:12     | Reached XP level 15. HP: 135/135 MP: 21/21
 20145 | D:12     | Reached skill level 9 in Armour
 20177 | D:12     | XOM: polymorph dire elephant -> catoblepas
 20196 | D:12     | Found a staircase to the Depths.
 20460 | D:12     | Received a gift from Nemelex Xobeh
 20645 | D:12     | XOM: god gift: 117 stones
 20752 | D:12     | XOM is BORED!
 20752 | D:12     | XOM: give mutations
 20752 | D:12     | Lost mutation: You are highly resistant to hostile
                  | enchantments. (MR++) [Xom's mischief]
 20752 | D:12     | Lost mutation: You have hooves in place of feet. [Xom's
                  | mischief]
 20915 | Orc      | Entered the Orcish Mines
 20932 | Orc      | Found a flickering gateway to a bazaar.
 20957 | Bazaar   | Entered a bazaar
 20961 | Bazaar   | Found Wubbogab's Gadget Emporium.
 20972 | Bazaar   | Found Leiku's General Store.
 20980 | Bazaar   | Found Ocheiket's Distillery.
 20991 | Bazaar   | Found Biky's Antique Weapon Emporium.
 21002 | Bazaar   | Found Feuboe's Antique Armour Boutique.
 21033 | Bazaar   | Bought a scroll of brand weapon for 126 gold pieces
 21116 | Bazaar   | Bought a potion of might for 28 gold pieces
 21116 | Bazaar   | Bought a scroll of fear for 35 gold pieces
 21116 | Bazaar   | Bought a scroll of fear for 35 gold pieces
 21116 | Bazaar   | Bought a scroll of silence for 52 gold pieces
 21124 | Bazaar   | Bought a potion of curing for 50 gold pieces
 21124 | Bazaar   | Bought a potion of invisibility for 160 gold pieces
 21124 | Bazaar   | Bought a potion of invisibility for 160 gold pieces
 21124 | Bazaar   | Bought a potion of might for 80 gold pieces
 21146 | Bazaar   | Bought a pair of glowing boots for 97 gold pieces
 21164 | Bazaar   | Bought a box of beasts for 160 gold pieces
 21164 | Bazaar   | Bought a phantom mirror for 160 gold pieces
 21197 | Orc      | Received a gift from Nemelex Xobeh
 21261 | Orc      | Found a staircase to the Elven Halls.
 21281 | Orc      | Reached skill level 10 in Slings
 21317 | Orc      | Found Xiochi's General Store.
 21320 | Orc      | Found Oworus's Food Emporium.
 21325 | Orc      | XOM: cast spell 'Summon Mana Viper'
 21330 | Orc      | XOM: confuse monster(s)
 21380 | Orc      | Bought a scroll of teleportation for 39 gold pieces
 21398 | Orc      | XOM: scenery: create altars
 21426 | Orc      | XOM: confuse monster(s)
 21434 | Orc      | XOM: 3-stop teleportation journey
 21473 | Orc      | Found a frozen archway.
 21479 | Orc      | XOM: polymorph white imp -> ufetubus
 21483 | Orc      | Noticed Nessos
 21484 | Orc      | XOM: cast spell 'Leda's Liquefaction'
 21491 | Orc      | XOM: summons 8 friendly demons
 21498 | Orc      | Killed Nessos
 21499 | Orc      | Reached skill level 11 in Slings
 21519 | IceCv    | Entered an ice cave
 21540 | IceCv    | XOM: scenery: create altars
 21633 | IceCv    | XOM: divine lightning
 21877 | IceCv    | XOM: god gift: ring mail {god gift}
 21894 | IceCv    | XOM: potion effect (invisibility)
 21898 | IceCv    | Reached skill level 12 in Slings
 22024 | Orc      | XOM: god gift: halberd {god gift}
 22070 | Orc      | XOM: harmless Pois miscast
 22150 | Orc      | XOM: 1-stop teleportation journey
 22178 | Orc      | Reached ****** piety under Nemelex Xobeh
 22237 | Orc      | XOM: summons 8 friendly demons
 22254 | Orc      | XOM: enchant monster (good)
 22330 | Orc      | XOM: scenery: create altars
 22334 | Orc      | Reached skill level 10 in Armour
 22406 | Orc      | XOM: fake destruction
 22429 | Orc      | Found Guqeho Uze's Antique Armour Boutique.
 22429 | Orc      | Found Dauxoges's Book Shop.
 22429 | Orc      | Found a one-way gate leading to the halls of Pandemonium.
 22574 | Lair:1   | XOM: harmless Air miscast
 22602 | Snake:1  | Entered Level 1 of the Snake Pit
 22602 | Snake:1  | Found Ket Gulaku's Weapon Boutique.
 22631 | Snake:1  | XOM: scenery: create altars
 22635 | Snake:1  | XOM: divination: detect items
 22718 | Snake:1  | Received a gift from Nemelex Xobeh
 22767 | Snake:1  | XOM: cloud trail
 22778 | Snake:1  | XOM: confusion (+ monsters)
 22783 | Snake:1  | Reached XP level 16. HP: 107/143 MP: 22/22
 22813 | Snake:1  | Identified a ring of Tender Moments {+Fly Str+2, pickup}
                  | (You found it on level 1 of the Snake Pit)
 22842 | Snake:1  | Noticed a nagaraja
 23027 | Snake:1  | Killed a nagaraja
 23028 | Snake:1  | Reached skill level 17 in Axes
 23028 | Snake:1  | Reached skill level 1 in Shields
 23064 | Snake:1  | XOM: swap monsters
 23073 | Snake:1  | Reached skill level 2 in Shields
 23122 | Snake:1  | Bought a +9 broad axe for 510 gold pieces
 23235 | Snake:1  | XOM: enchant monster (bad)
 23267 | Snake:1  | Found a stormy altar of Qazlal.
 23277 | Snake:1  | Reached skill level 3 in Shields
 23357 | Snake:1  | XOM: give mutation
 23357 | Snake:1  | Lost mutation: You have hoof-like feet. [Xom's mischief]
 23375 | Snake:1  | XOM: summons 1 hostile shadow creature
 23423 | Snake:1  | XOM: medium Conj miscast
 23428 | Snake:1  | Reached skill level 4 in Shields
 23580 | Snake:1  | Received a gift from Nemelex Xobeh
 23633 | Snake:1  | XOM: give mutations
 23633 | Snake:1  | Lost mutation: Your spells are harder to cast, but more
                  | powerful. [Xom's mischief]
 23633 | Snake:1  | Lost mutation: Your spells are a little harder to cast, but
                  | a little more powerful. [Xom's mischief]
 23633 | Snake:1  | Lost mutation: You expend magic power (3 MP) to strengthen
                  | your wands. [Xom's mischief]
 23633 | Snake:1  | Lost mutation: Your flesh is cold resistant. (rC+) [Xom's
                  | mischief]
 23854 | Snake:2  | Noticed Saint Roka
 23879 | Snake:2  | XOM: stat loss: -1 Str (34/35)
 23883 | Snake:2  | Noticed Saint Roka
 23883 | Snake:2  | Saint Roka changed into Saint Roka the dire elephant
 23883 | Snake:2  | XOM: polymorph Saint Roka -> Saint Roka the dire elephant
 23911 | Snake:2  | Reached skill level 5 in Shields
 23914 | Snake:2  | XOM: cleaving
 23928 | Snake:2  | XOM: enchant monster (good)
 23990 | Snake:2  | XOM: cleaving
 23996 | Snake:2  | XOM: fog
 24090 | Snake:2  | XOM: god gift: 179 arrows
 24118 | Snake:2  | Killed Saint Roka the dire elephant
 24165 | Snake:2  | XOM: 1-stop teleportation journey
 24247 | Snake:2  | XOM: enchant monster (good)
 24269 | Snake:2  | XOM: enchant monster (bad)
 24303 | Snake:2  | Received a gift from Nemelex Xobeh
 24328 | Snake:2  | Reached skill level 6 in Shields
 24349 | Snake:2  | Found Yris Ifo's Magic Scroll Boutique.
 24357 | Snake:2  | Bought a scroll of blinking for 112 gold pieces
 24357 | Snake:2  | Bought a scroll of teleportation for 45 gold pieces
 24357 | Snake:2  | Bought a scroll of teleportation for 45 gold pieces
 24357 | Snake:2  | Bought a scroll of fog for 30 gold pieces
 24357 | Snake:2  | Bought a scroll of fog for 30 gold pieces
 24357 | Snake:2  | Bought a scroll of fear for 75 gold pieces
 24357 | Snake:2  | Bought a scroll of enchant weapon for 112 gold pieces
 24357 | Snake:2  | Bought a scroll of enchant weapon for 112 gold pieces
 24373 | Snake:2  | Noticed Aizul
 24389 | Snake:2  | Killed Aizul
 24395 | Snake:2  | XOM: 1-stop teleportation journey
 24551 | Snake:2  | XOM: polymorph naga mage -> yaktaur
 24637 | Snake:2  | Noticed Agnes
 24638 | Snake:2  | XOM: confuse monster(s)
 24654 | Snake:2  | Killed Agnes
 24661 | Snake:2  | XOM: cast spell 'Summon Scorpions'
 24662 | Snake:2  | Reached skill level 7 in Shields
 24801 | Snake:2  | XOM: give mutations
 24801 | Snake:2  | Gained mutation: You are agile. (Dex +2) [Xom's grace]
 24801 | Snake:2  | Gained mutation: Your mind is acute. (Int +2) [Xom's grace]
 24916 | Snake:3  | Entered Level 3 of the Snake Pit
 24916 | Snake:3  | Received a gift from Nemelex Xobeh
 24919 | Snake:3  | XOM: summons 9 friendly demons
 24955 | Snake:3  | XOM: summons 2 friendly demons
 24958 | Snake:3  | XOM: confuse monster(s)
 25056 | Snake:3  | XOM: divination: magic mapping
 25064 | Snake:3  | XOM: smoke on damage
 25068 | Snake:3  | XOM: confuse monster(s)
 25071 | Snake:3  | Reached skill level 8 in Shields
 25078 | Snake:3  | XOM: mild Tloc miscast
 25170 | Snake:3  | XOM: summons friendly quasit
 25183 | Snake:3  | XOM: fog
 25216 | Snake:3  | XOM: harmless Summ miscast
 25316 | Snake:3  | Noticed a nagaraja
 25327 | Snake:3  | XOM: summons friendly quasit
 25352 | Snake:3  | XOM: cast spell 'Summon Butterflies'
 25357 | Snake:3  | Killed a nagaraja
 25358 | Snake:3  | Reached skill level 9 in Shields
 25540 | Snake:3  | XOM: mild Necr miscast
 25648 | Snake:3  | XOM: swap monsters
 25649 | Snake:3  | Reached XP level 17. HP: 136/149 MP: 23/23
 25660 | Snake:3  | XOM: mild Conj miscast
 25667 | Snake:3  | XOM: harmless Hex miscast
 25678 | Snake:3  | XOM: harmless Hex miscast
 25696 | Snake:3  | XOM: harmless Summ miscast
 25700 | Snake:3  | XOM: divination: detect creatures
 25704 | Snake:3  | XOM: potion effect (haste)
 25813 | Snake:3  | XOM: harmless Pois miscast
 25850 | Snake:3  | XOM: confusion (+ monsters)
 26003 | Snake:3  | XOM: harmless Pois miscast
 26023 | Snake:3  | XOM: scenery: create altars
 26033 | Snake:3  | XOM: polymorph naga sharpshooter -> glowing shapeshifter
 26153 | Snake:3  | Identified a scroll of acquirement
 26153 | Snake:3  | Got a serpentine rune of Zot
 26312 | Snake:3  | Identified the ring "Quaseipe" {*Corrode rElec rN+ MR+
                  | Stlth+} (You acquired it on level 3 of the Snake Pit)
 26468 | Snake:3  | XOM: summons 1 hostile shadow creature
 26576 | Shoals:1 | Entered Level 1 of the Shoals
 26642 | Shoals:1 | XOM: give mutations
 26642 | Shoals:1 | Lost mutation: Your mind is acute. (Int +2) [Xom's
                  | mischief]
 26642 | Shoals:1 | Lost mutation: Your muscles are strong. (Str +2) [Xom's
                  | mischief]
 26642 | Shoals:1 | Gained mutation: Armour fits poorly on your strangely
                  | shaped body. [Xom's mischief]
 26700 | Shoals:1 | XOM: silly message
 26962 | Lair:2   | XOM: stat loss: -1 Dex (14/15)
 27003 | Shoals:1 | XOM: noise
 27247 | Shoals:1 | Received a gift from Nemelex Xobeh
 27263 | Shoals:1 | Found a runed translucent door.
 27264 | Shoals:1 | Found a shimmering altar of Xom.
 27264 | Shoals:1 | Noticed SansUndertale's ghost (journeyman NaFi)
 27264 | Shoals:1 | Identified the +6 rapier of Karma {chaos, Fragile +Inv
                  | Str+4}
 27336 | Shoals:1 | XOM: summons 5 friendly demons
 27418 | Shoals:1 | Reached skill level 9 in Invocations
 27424 | Shoals:1 | XOM: torment (88/151 hp)
 27550 | Shoals:1 | Identified the ring of Kafuawna {rCorr MP-9 Str+4 SInv}
 27598 | Shoals:1 | Received a gift from Nemelex Xobeh
 28315 | Shoals:2 | Reached skill level 10 in Shields
 28510 | Shoals:2 | Reached skill level 13 in Slings
 28570 | Shoals:2 | XOM: confusion (+ monsters)
 28574 | Shoals:2 | XOM: confusion
 28629 | Shoals:2 | Received a gift from Nemelex Xobeh
 28644 | Shoals:2 | Reached skill level 14 in Fighting
 28701 | Shoals:2 | XOM: give mutations
 28701 | Shoals:2 | Lost mutation: You have a pair of small antennae on your
                  | head. [Xom's mischief]
 28701 | Shoals:2 | Lost mutation: You are agile. (Dex +2) [Xom's mischief]
 28701 | Shoals:2 | Lost mutation: You are mostly covered in molten scales. (AC
                  | +3) [Xom's mischief]
 28897 | Shoals:2 | Found a basalt altar of Yredelemnul.
 29132 | Shoals:3 | Entered Level 3 of the Shoals
 29173 | Shoals:3 | XOM: noise
 29403 | Shoals:3 | Received a gift from Nemelex Xobeh
 29413 | Shoals:3 | Reached XP level 18. HP: 160/160 MP: 25/25
 29448 | Shoals:3 | XOM: 2-stop teleportation journey
 29449 | Shoals:3 | XOM: enchant monster (bad)
 29456 | Shoals:3 | Reached skill level 10 in Invocations
 29500 | Shoals:3 | XOM: severe Air miscast
 29502 | Shoals:3 | XOM: smoke on damage
 29524 | Shoals:3 | XOM: medium Tloc miscast
 29537 | Shoals:3 | XOM: harmless Erth miscast
 29575 | Shoals:3 | Got a barnacled rune of Zot
 29939 | Shoals:3 | Received a gift from Nemelex Xobeh
 29940 | Shoals:3 | XOM: scenery: create altars
 30058 | Shoals:3 | Reached skill level 14 in Slings
 30229 | Shoals:3 | XOM: god gift: spear {god gift}
 30294 | Shoals:3 | XOM: harmless Tmut miscast
 30539 | Vaults:1 | Entered Level 1 of the Vaults
 30568 | Vaults:1 | XOM: swap monsters
 30583 | Vaults:1 | Reached skill level 18 in Axes
 30586 | Vaults:1 | Reached skill level 15 in Fighting
 30635 | Vaults:1 | XOM: divination: detect items
 30686 | Vaults:1 | Reached skill level 5 in Evocations
 30694 | Vaults:1 | XOM: 2-stop teleportation journey
 30923 | Vaults:1 | Received a gift from Nemelex Xobeh
 30979 | Vaults:1 | XOM: enchant monster (bad)
 31113 | Vaults:1 | Cast into level 1 of the Abyss (Xom)
 31202 | Abyss:1  | XOM: enchant monster (good)
 31242 | Abyss:1  | Reached skill level 6 in Evocations
 31263 | Abyss:1  | XOM: enchant monster (good)
 31288 | Abyss:1  | Reached skill level 16 in Fighting
 31426 | Abyss:1  | XOM: cast spell 'Death Channel'
 31545 | Abyss:1  | Received a gift from Nemelex Xobeh
 31668 | Vaults:1 | Escaped the Abyss
 31823 | Vaults:1 | XOM: god gift: 61 gold pieces
 31842 | Vaults:1 | Reached XP level 19. HP: 164/172 MP: 26/26
 31859 | Vaults:1 | Reached skill level 11 in Shields
 31883 | Vaults:1 | XOM: confusion (+ monsters)
 31939 | Vaults:1 | Received a gift from Nemelex Xobeh
 31939 | Vaults:1 | Noticed Bai Suzhen
 31939 | Vaults:1 | XOM: enchant monster (bad)
 31974 | Vaults:1 | Killed Bai Suzhen
 32216 | Vaults:1 | Found a staircase to the Crypt.
 32216 | Vaults:1 | XOM: 1-stop teleportation journey
 32342 | Vaults:1 | XOM: scenery: 1 doors close
 32347 | Vaults:1 | Reached skill level 17 in Fighting
 32756 | Vaults:1 | XOM: noise
 32982 | Vaults:1 | XOM: summons 15 friendly demons
 32984 | Vaults:1 | XOM: polymorph quasit -> iron imp
 33058 | Vaults:1 | XOM: cloud trail
 33106 | Vaults:2 | XOM: stealth player
 33152 | Vaults:2 | XOM: fog
 33164 | Vaults:2 | XOM: polymorph deep elf mage -> hippogriff
 33220 | Vaults:2 | XOM: smoke on damage
 33489 | Vaults:2 | Received a gift from Nemelex Xobeh
 33504 | Vaults:2 | XOM: divination: detect creatures
 33507 | Vaults:2 | XOM: confuse monster(s)
 33514 | Vaults:2 | XOM: cast spell 'Cause Fear'
 33598 | Vaults:2 | XOM: enchant monster (good)
 33608 | Vaults:2 | XOM: potion effect (agility)
 33725 | Vaults:2 | XOM: noise
 33733 | Vaults:2 | XOM: confusion (+ monsters)
 33734 | Vaults:2 | Reached skill level 11 in Invocations
 33780 | Vaults:2 | XOM: 1-stop teleportation journey
 33796 | Vaults:2 | XOM: summons friendly ufetubus
 33953 | Vaults:2 | Reached skill level 18 in Fighting
 33962 | Vaults:2 | Reached skill level 12 in Shields
 33965 | Vaults:2 | Reached XP level 20. HP: 144/187 MP: 28/28
 34021 | Vaults:2 | Received a gift from Nemelex Xobeh
 34061 | Vaults:2 | XOM: smoke on damage
 34130 | Vaults:2 | Reached skill level 12 in Invocations
 34239 | Vaults:2 | XOM: 6-stop teleportation journey
 34251 | Vaults:2 | XOM: blink monster(s)
 34270 | Vaults:2 | XOM: enchant monster (good)
 34279 | Vaults:2 | XOM: summons 10 friendly demons
 34350 | Vaults:2 | XOM: enchant monster (good)
 34355 | Vaults:2 | XOM: summons friendly ufetubus
 34378 | Vaults:2 | XOM: fog
 34426 | Vaults:2 | Identified the ring "Buynia" {Slay+3 Stlth++} (Xom gifted
                  | it to you on level 2 of the Vaults)
 34426 | Vaults:2 | XOM: god gift: ring "Buynia" {Slay+3 Stlth++}
 34475 | Vaults:2 | XOM: god gift: ration
 34590 | Vaults:2 | Found Daifyzos's Weapon Shop.
 34683 | Vaults:2 | XOM: harmless Ice miscast
 34718 | Vaults:2 | XOM: divination: detect creatures
 34761 | Vaults:2 | Reached skill level 11 in Armour
 34764 | Vaults:2 | XOM: enchant monster (good)
 34827 | Vaults:2 | Received a gift from Nemelex Xobeh
 34884 | Vaults:2 | XOM: scenery: 1 doors close
 35107 | Vaults:1 | XOM: harmless Hex miscast
 35250 | D:9      | XOM: harmless Tloc miscast
 35344 | Elf:1    | Entered Level 1 of the Elven Halls
 35412 | Elf:1    | XOM: give mutations
 35412 | Elf:1    | Gained mutation: You are somewhat resistant to further
                  | mutation. [Xom's grace]
 35412 | Elf:1    | Gained mutation: Your flesh is heat resistant. (rF+) [Xom's
                  | grace]
 35412 | Elf:1    | Gained mutation: Your spells are a little harder to cast,
                  | but a little more powerful. [Xom's grace]
 35413 | Elf:1    | XOM: divination: detect creatures
 35427 | Elf:1    | XOM: divination: detect items
 35437 | Elf:1    | XOM: confuse monster(s)
 35483 | Elf:1    | XOM: god gift: leather armour {god gift}
 35495 | Elf:1    | Reached skill level 7 in Evocations
 35591 | Elf:1    | Received a gift from Nemelex Xobeh
 35649 | Elf:1    | Found the +0 sword of Power
 35662 | Elf:1    | XOM: snakes to sticks
 35678 | Elf:1    | XOM: noise
 35731 | Elf:1    | XOM: cast spell 'Summon Small Mammal'
 35736 | Elf:1    | XOM: summons 1 hostile demon
 35837 | Elf:1    | Identified the +9 halberd "Repauwar" {freeze, SInv}
 35881 | Elf:1    | XOM: harmless Hex miscast
 35883 | Elf:1    | XOM: cast spell 'Summon Hydra'
 35996 | Elf:1    | XOM: swap monsters
 36053 | Elf:1    | Reached skill level 19 in Fighting
 36068 | Elf:1    | XOM: noise
 36072 | Elf:1    | XOM: confuse monster(s)
 36298 | Elf:1    | Found Wuvvypim's Gadget Shop.
 36338 | Elf:1    | XOM: mild Hex miscast
 36430 | Elf:1    | Identified the Collected Works on Conjuration
 36790 | Elf:1    | Found a roughly hewn altar of Beogh.
 36937 | Elf:2    | Identified the cursed +2 mace of Iceonej {distort, Dex+3
                  | SInv}
 37007 | Elf:2    | XOM: enchant monster (bad)
 37038 | Elf:2    | XOM: 1-stop teleportation journey
 37049 | Elf:2    | Reached skill level 20 in Fighting
 37075 | Elf:2    | Found a runed gate.
 37081 | Elf:2    | Found a runed gate.
 37085 | Elf:2    | Received a gift from Nemelex Xobeh
 37086 | Elf:2    | Found a runed gate.
 37182 | Elf:2    | Reached XP level 21. HP: 141/201 MP: 30/30
 37182 | Elf:2    | XOM: noise
 37193 | Elf:2    | XOM: torment (98/201 hp)
 37195 | Elf:2    | XOM: divination: detect items
 37197 | Elf:2    | XOM: enchant monster (good)
 37199 | Elf:2    | XOM: cleaving
 37201 | Elf:2    | XOM: scenery: create altars
 37211 | Elf:2    | XOM: summons 10 friendly demons
 37235 | Elf:2    | XOM: cast spell 'Summon Dragon'
 37251 | Elf:2    | XOM: give mutations
 37251 | Elf:2    | Gained mutation: Your flesh is cold resistant. (rC+) [Xom's
                  | grace]
 37251 | Elf:2    | Gained mutation: You are robust. (+10% HP) [Xom's grace]
 37251 | Elf:2    | Gained mutation: You have a pair of small horns on your
                  | head. [Xom's grace]
 37251 | Elf:2    | Gained mutation: You possess an exceptional clarity of
                  | mind. [Xom's grace]
 37253 | Elf:2    | XOM: chaos upgrade
 37542 | Elf:2    | XOM: medium Fire miscast
 37547 | Elf:2    | XOM: torment (171/221 hp)
 37878 | Elf:2    | XOM: give mutations
 37878 | Elf:2    | Lost mutation: You are somewhat resistant to further
                  | mutation. [Xom's mischief]
 37878 | Elf:2    | Lost mutation: You have a pair of small horns on your head.
                  | [Xom's mischief]
 37878 | Elf:2    | Lost mutation: Your flesh is heat resistant. (rF+) [Xom's
                  | mischief]
 37878 | Elf:2    | Lost mutation: You possess an exceptional clarity of mind.
                  | [Xom's mischief]
 37998 | Elf:2    | XOM: summons 4 hostile shadow creatures
 37999 | Elf:2    | XOM: chaos upgrade
 38018 | Elf:2    | XOM: divination: detect items
 38025 | Elf:2    | XOM: chaos upgrade
 38034 | Elf:2    | Reached skill level 12 in Armour
 38485 | Depths:1 | Entered Level 1 of the Depths
 38485 | Depths:1 | Received a gift from Nemelex Xobeh
 38546 | Depths:1 | Found a gateway to Hell.
 38554 | Depths:1 | Reached skill level 13 in Shields
 38631 | Depths:1 | XOM: divination: detect creatures
 38638 | Depths:1 | XOM: confuse monster(s)
 38743 | D:12     | XOM: divination: magic mapping
 38754 | D:12     | XOM: summons 2 friendly demons
 38830 | Depths:1 | XOM: cast spell 'Discord'
 38948 | Depths:1 | XOM: medium Ice miscast
 39130 | Depths:1 | Received a gift from Nemelex Xobeh
 39154 | Depths:1 | Found a glowing silver altar of Zin.
 39154 | Depths:1 | Found an opulent altar of Gozag.
 39154 | Depths:1 | Found a glowing silver altar of Zin.
 39154 | Depths:1 | Found an iron altar of Okawaru.
 39154 | Depths:1 | XOM: 4-stop teleportation journey
 39531 | Depths:1 | XOM: confusion (+ monsters)
 39532 | Depths:1 | XOM: potion effect (might)
 39535 | Depths:1 | XOM: summons friendly quasit
 39816 | Depths:1 | Received a gift from Nemelex Xobeh
 39819 | Depths:1 | Identified the +7 falchion "Impbane" {vamp, *Contam rPois
                  | Int+2 Dex+4}
 39826 | Depths:1 | Identified Sif Muna's Catalogue of the Flying Traveller
 39879 | Depths:1 | Found a corrupted altar of Lugonu.
 39880 | Depths:1 | Found a one-way gate to the infinite horrors of the Abyss.
 40005 | Depths:1 | XOM: harmless Tloc miscast
 40211 | Depths:1 | XOM: medium Hex miscast
 40428 | Depths:2 | XOM: summons 4 hostile demons
 40429 | Depths:2 | Reached skill level 7 in Dodging
 40432 | Depths:2 | XOM: noise
 40435 | Depths:2 | XOM: enchant monster (bad)
 40467 | Depths:2 | Received a gift from Nemelex Xobeh
 40525 | Depths:2 | XOM: scenery: 3 doors open
 40544 | Depths:2 | XOM: enchant monster (bad)
 40817 | Depths:2 | Identified the ring of Pelyop {rElec Str+2}
 40825 | Depths:2 | XOM: noise
 40829 | Depths:2 | XOM: harmless Tmut miscast
 40849 | Depths:2 | XOM: mild Necr miscast
 40869 | Depths:2 | XOM: 2-stop teleportation journey
 40902 | Depths:2 | Reached XP level 22. HP: 103/231 MP: 31/31
 40980 | Depths:2 | XOM: medium Summ miscast
 41083 | Depths:2 | Noticed a Killer Klown
 41084 | Depths:2 | Identified the +2 long sword of Responsibility {drain, rF+
                  | Int-2 Dex+3}
 41098 | Depths:2 | a Killer Klown changed into an acid blob
 41368 | Depths:2 | XOM: silly message
 41410 | Depths:2 | Found a gateway to a ziggurat.
 41433 | Depths:2 | Received a gift from Nemelex Xobeh
 41451 | Depths:2 | Identified Xom's Incunabulum of the Snail (Xom gifted it to
                  | you on level 2 of the Depths)
 41451 | Depths:2 | XOM: god gift: Xom's Incunabulum of the Snail
 41511 | Depths:2 | XOM: harmless Tmut miscast
 41749 | Depths:2 | Found a shattered altar of Ashenzari.
 41789 | Depths:2 | Noticed Xtahua
 41791 | Depths:2 | Killed Xtahua
 41792 | Depths:2 | Found the +6 fire dragon scales of Xtahua {rF+++ rC- MR+}
 41970 | Depths:2 | XOM: harmless Summ miscast
 42068 | Depths:2 | XOM: harmless Pois miscast
 42154 | Depths:3 | XOM: 2-stop teleportation journey
 42275 | Depths:3 | Reached skill level 8 in Dodging
 42315 | Depths:3 | XOM: silly message
 42444 | Depths:3 | XOM: confuse monster(s)
 42748 | Lair:3   | Reached skill level 13 in Invocations
 43030 | Vaults:1 | XOM: mild Tloc miscast
 43105 | Crypt:1  | Entered Level 1 of the Crypt
 43111 | Crypt:1  | Received a gift from Nemelex Xobeh
 43238 | Crypt:1  | XOM: divination: detect creatures
 43248 | Crypt:1  | XOM: chaos upgrade
 43277 | Crypt:1  | XOM: 1-stop teleportation journey
 43285 | Crypt:1  | XOM: summons 4 hostile shadow creatures
 43311 | Crypt:1  | XOM: polymorph reaper -> balrug
 43405 | Crypt:1  | XOM: 1-stop teleportation journey
 43417 | Crypt:1  | Reached skill level 13 in Armour
 43477 | Crypt:1  | XOM: 1-stop teleportation journey
 43478 | Crypt:1  | Identified the -2 hand axe "Meebrunnim" {chop, Str+2 Dex+6}
 43481 | Crypt:1  | XOM: 2-stop teleportation journey
 43484 | Crypt:1  | XOM: enchant monster (good)
 43680 | Crypt:1  | XOM: 8-stop teleportation journey
 43688 | Crypt:1  | XOM: confuse monster(s)
 43844 | Crypt:1  | Reached skill level 9 in Dodging
 43876 | Crypt:1  | XOM: scenery: create altars
 44013 | Crypt:1  | XOM: divine lightning
 44036 | Crypt:1  | XOM: give mutations
 44036 | Crypt:1  | Gained mutation: You are agile. (Dex +2) [Xom's grace]
 44036 | Crypt:1  | Gained mutation: You have a pair of small antennae on your
                  | head. [Xom's grace]
 44036 | Crypt:1  | Gained mutation: You are highly resistant to hostile
                  | enchantments. (MR++) [Xom's grace]
 44244 | Crypt:1  | Reached skill level 21 in Fighting
 44367 | Crypt:1  | Received a gift from Nemelex Xobeh
 44428 | Crypt:1  | Reached skill level 14 in Shields
 44449 | Crypt:1  | Reached skill level 15 in Slings
 44555 | Crypt:1  | XOM: divination: magic mapping
 44633 | Crypt:1  | XOM: 1-stop teleportation journey
 44640 | Crypt:2  | Entered Level 2 of the Crypt
 44648 | Crypt:2  | Reached XP level 23. HP: 211/242 MP: 32/32
 44718 | Crypt:2  | XOM: scenery: 2 doors open, 3 doors close
 44722 | Crypt:2  | XOM: fake destruction
 44726 | Crypt:2  | XOM: summons friendly shadow imp
 44740 | Crypt:2  | XOM: scenery: 1 doors open, 5 doors close
 44743 | Crypt:2  | XOM: god gift: pair of gloves {god gift}
 44875 | Crypt:2  | XOM: 1-stop teleportation journey
 44901 | Crypt:2  | XOM: cleaving
 44910 | Crypt:2  | XOM: potion effect (invisibility)
 44912 | Crypt:2  | Reached skill level 10 in Dodging
 45091 | Crypt:2  | XOM: harmless Hex miscast
 45096 | Crypt:2  | XOM: potion effect (brilliance)
 45124 | Crypt:2  | XOM: potion effect (invisibility)
 45130 | Crypt:2  | XOM: potion effect (brilliance)
 45137 | Crypt:2  | Noticed Jory
 45450 | Crypt:2  | Received a gift from Nemelex Xobeh
 45498 | Crypt:2  | XOM: potion effect (agility)
 45562 | Crypt:2  | Reached skill level 16 in Slings
 45827 | Crypt:2  | XOM: potion effect (haste)
 46015 | Crypt:2  | XOM: smoke on damage
 46044 | Crypt:2  | XOM: confusion (+ monsters)
 46057 | Crypt:2  | XOM: divination: detect items
 46146 | Crypt:2  | Found a basalt altar of Yredelemnul.
 46226 | Crypt:2  | XOM: divination: detect items
 46420 | Crypt:2  | Identified the +2 pair of boots of the Sea {rElec rC+ Int+3
                  | Dex-3}
 46486 | Crypt:2  | XOM: enchant monster (good)
 46487 | Crypt:2  | XOM: noise
 46499 | Crypt:2  | Reached skill level 22 in Fighting
 46499 | Crypt:2  | XOM: cast spell 'Summon Scorpions'
 46524 | Crypt:2  | XOM: divination: detect items
 46540 | Crypt:2  | XOM: enchant monster (bad)
 46780 | Crypt:2  | Received a gift from Nemelex Xobeh
 46882 | Crypt:2  | Identified the cursed +1 robe "Caweghay" {rC- rN++ Dex+2}
 46912 | Crypt:2  | XOM: 4-stop teleportation journey
 46964 | Crypt:2  | XOM: give mutations
 46964 | Crypt:2  | Lost mutation: You are agile. (Dex +2) [Xom's mischief]
 46964 | Crypt:2  | Lost mutation: You are surrounded by a mild repulsion
                  | field. (EV +2) [Xom's mischief]
 46964 | Crypt:2  | Lost mutation: Armour fits poorly on your strangely shaped
                  | body. [Xom's mischief]
 46964 | Crypt:2  | Lost mutation: You have a pair of small antennae on your
                  | head. [Xom's mischief]
 47013 | Crypt:2  | XOM: enchant monster (good)
 47014 | Crypt:2  | XOM: blink monster(s)
 47021 | Crypt:2  | Killed Jory
 47029 | Crypt:2  | XOM: god gift: hardcover book {god gift}
 47052 | Crypt:2  | XOM: medium Chrm miscast
 47071 | Crypt:2  | Found a staircase to the Tomb.
 47700 | Shoals:2 | XOM: cloud trail
 48160 | Depths:3 | XOM: god gift: glowing trident {god gift}
 48161 | Depths:3 | Identified the +1 cloak "Agat" {+Blink rPois Dex+8} (You
                  | acquired it on level 3 of the Depths)
 48193 | Depths:3 | Noticed a juggernaut
 48200 | Depths:3 | Noticed an ancient lich
 48201 | Depths:3 | XOM: harmless Hex miscast
 48268 | Depths:3 | Killed a juggernaut
 48404 | Depths:3 | XOM: 1-stop teleportation journey
 48435 | Depths:3 | XOM: smoke on damage
 48450 | Depths:3 | Reached skill level 23 in Fighting
 48450 | Depths:3 | Reached XP level 24. HP: 213/258 MP: 32/32
 48618 | Depths:3 | XOM: swap monsters
 48774 | Depths:3 | XOM: scenery: create altars
 48788 | Depths:3 | Killed an ancient lich
 48908 | Depths:3 | Noticed Mennas
 48913 | Depths:3 | Found a sparkling altar of Nemelex Xobeh.
 48915 | Depths:3 | XOM: mild Necr miscast
 48931 | Depths:3 | Killed Mennas
 48932 | Depths:3 | Reached skill level 14 in Armour
 48987 | Depths:3 | XOM: medium Tmut miscast
 49306 | Depths:3 | XOM: mild Erth miscast
 49547 | Depths:3 | Noticed Nikola
 49607 | Depths:3 | Killed Nikola
 49650 | Depths:3 | XOM: polymorph fire giant -> azure jelly
 49825 | Depths:4 | Received a gift from Nemelex Xobeh
 49825 | Depths:4 | Noticed a golden dragon
 49843 | Depths:4 | Killed a golden dragon
 49845 | Depths:4 | Identified the +1 faerie dragon scales {*Slow Regen+ rCorr
                  | HP-4 Str+4}
 49845 | Depths:4 | Noticed the Enchantress
 49883 | Depths:4 | Killed the Enchantress
 49978 | Depths:4 | XOM: divination: magic mapping
 49982 | Depths:4 | XOM: god gift: wand of flame (11)
 49992 | Depths:4 | XOM: summons 4 friendly demons
 49995 | Depths:4 | XOM: fake destruction
 50104 | Depths:4 | Reached skill level 24 in Fighting
 50107 | Depths:4 | XOM: cast spell 'Leda's Liquefaction'
 50118 | Depths:4 | XOM: summons 1 hostile shadow creature
 50157 | Depths:4 | XOM: polymorph ice dragon -> glowing shapeshifter
 50160 | Depths:4 | XOM: enchant monster (bad)
 50296 | Depths:4 | XOM: swap monsters
 50316 | Depths:4 | XOM: noise
 50340 | Depths:4 | Identified the +4 chain mail of Satisfaction {Dex+4 Slay+3}
                  | (You acquired it on level 4 of the Depths)
 50340 | Depths:4 | Identified the amulet "Heepsowk" {Acrobat Stlth+} (You
                  | acquired it on level 4 of the Depths)
 50353 | Depths:4 | XOM: give mutations
 50353 | Depths:4 | Lost mutation: You are robust. (+10% HP) [Xom's mischief]
 50353 | Depths:4 | Gained mutation: Scrolls take you a little longer to read.
                  | [Xom's mischief]
 50417 | Depths:4 | XOM: swap monsters
 50417 | Depths:4 | Identified the ring "Ucsesh" {Ice *Slow Str+4}
 50418 | Depths:4 | Noticed a golden dragon
 50423 | Depths:4 | Noticed a Killer Klown
 50425 | Depths:4 | XOM: 1-stop teleportation journey
 50426 | Depths:4 | Noticed a caustic shrike
 50450 | Depths:4 | Noticed an ancient lich
 50453 | Depths:4 | Noticed a caustic shrike
 50457 | Depths:4 | XOM: cleaving
 50499 | Depths:4 | XOM: confuse monster(s)
 50521 | Depths:4 | XOM: god gift: 223 sling bullets
 50629 | Depths:4 | XOM: 6-stop teleportation journey
 50632 | Depths:4 | Noticed a caustic shrike
 50647 | Depths:4 | XOM: swap monsters
 50648 | Depths:4 | Noticed a golden dragon
 50648 | Depths:4 | XOM: chaos upgrade
 50727 | Depths:3 | XOM: mild Necr miscast
 50822 | Depths:4 | XOM: enchant monster (bad)
 50823 | Depths:4 | XOM: scenery: create altars
 50827 | Depths:4 | XOM: scenery: create altars
 50831 | Depths:4 | XOM: divination: magic mapping
 50835 | Depths:4 | XOM: cast spell 'Summon Butterflies'
 50839 | Depths:4 | XOM: summons friendly shadow imp
 50857 | Depths:4 | Killed a Killer Klown
 50857 | Depths:4 | XOM: summons friendly quasit
 50858 | Depths:4 | Reached skill level 11 in Dodging
 50864 | Depths:3 | Killed an ancient lich
 50865 | Depths:3 | Reached XP level 25. HP: 149/245 MP: 26/26
 51170 | Depths:4 | Noticed a juggernaut
 51183 | Depths:4 | Noticed a Killer Klown
 51188 | Depths:4 | Killed a juggernaut
 51189 | Depths:4 | Reached skill level 15 in Armour
 51189 | Depths:4 | Reached skill level 15 in Shields
 51200 | Depths:4 | XOM: enchant monster (good)
 51211 | Depths:4 | Killed a Killer Klown
 51218 | Depths:4 | XOM: divination: magic mapping
 51248 | Depths:4 | XOM: divination: detect creatures
 51260 | Depths:4 | Identified the ring "Wuk Ytex" {MP+9 Int+3 Dex+3 Slay+3}
 51284 | Depths:4 | XOM: cast spell 'Summon Scorpions'
 51437 | Depths:4 | Killed a golden dragon
 51438 | Depths:4 | XOM: harmless Necr miscast
 51459 | Depths:4 | XOM: cast spell 'Olgreb's Toxic Radiance'
 51653 | Depths:4 | XOM: enchant monster (bad)
 51659 | Depths:4 | XOM: divination: detect items
 51663 | Depths:4 | Reached skill level 14 in Invocations
 51703 | Depths:4 | XOM: mild Air miscast
 51760 | Depths:4 | XOM: enchant monster (bad)
 51791 | Depths:4 | Noticed a golden dragon
 51806 | Depths:4 | XOM: summons friendly white imp
 51809 | Depths:4 | Killed a golden dragon
 51837 | Depths:4 | Noticed Frederick
 51837 | Depths:4 | XOM: cast spell 'Leda's Liquefaction'
 51861 | Depths:4 | XOM: divination: detect items
 51898 | Depths:4 | XOM: divination: detect items
 51902 | Depths:4 | XOM: cast spell 'Leda's Liquefaction'
 51906 | Depths:4 | XOM: confuse monster(s)
 51916 | Depths:4 | XOM: smoke on damage
 51923 | Depths:4 | Identified the ring "Garoit" {Int+5 Slay+2}
 51925 | Depths:4 | XOM: confuse monster(s)
 51931 | Depths:4 | Identified the ring of Ybepann {rElec rPois rF+ Slay+2}
 51941 | Depths:4 | Reached skill level 25 in Fighting
 51944 | Depths:4 | XOM: divination: magic mapping
 52003 | Depths:4 | Received a gift from Nemelex Xobeh
 52060 | Depths:4 | Reached skill level 15 in Invocations
 52182 | Depths:4 | Killed a golden dragon
 52228 | Depths:4 | XOM: polymorph tengu warrior -> ghost moth
 52359 | Depths:4 | XOM: enchant monster (bad)
 52359 | Depths:4 | Paralysed by a floating eye for 2 turns
 52366 | Depths:4 | Paralysed by a floating eye for 4 turns
 52412 | Depths:4 | XOM: potion effect (agility)
 52593 | D:8      | XOM: torment (194/249 hp)
 52682 | D:7      | XOM: stat loss: -1 Dex (18/19)
 52750 | D:12     | XOM: cloud trail
 52858 | Depths:4 | Reached XP level 26. HP: 172/258 MP: 34/34
 52864 | Depths:4 | Killed Frederick
 53087 | Depths:4 | XOM: cleaving
 53269 | Depths:5 | Entered Level 5 of the Depths
 53269 | Depths:5 | Found a transporter.
 53304 | Depths:5 | XOM: scenery: 2 doors open
 53583 | Depths:5 | XOM: enchant monster (bad)
 53615 | Depths:5 | Noticed a Killer Klown
 53615 | Depths:5 | Noticed a juggernaut
 53620 | Depths:5 | XOM: summons friendly iron imp
 53629 | Depths:5 | Killed a juggernaut
 53631 | Depths:5 | XOM: cast spell 'Dispersal'
 53637 | Depths:5 | XOM: god gift: 1268 gold pieces
 53643 | Depths:5 | Killed a Killer Klown
 53644 | Depths:5 | Reached skill level 16 in Invocations
 53693 | Depths:5 | XOM: fog
 53697 | Depths:5 | XOM: 2-stop teleportation journey
 53741 | Depths:5 | XOM: cloud trail
 53788 | Depths:5 | XOM: god gift: +3 fustibalus of chaos
 53856 | Depths:5 | XOM: cleaving
 53955 | Depths:5 | XOM: destruction
 53972 | Depths:5 | XOM: enchant monster (bad)
 53977 | Depths:5 | XOM: swap monsters
 54018 | Depths:5 | XOM: torment (152/260 hp)
 54096 | Depths:5 | XOM: harmless Necr miscast
 54106 | Depths:5 | XOM: summons 13 hostile demons
 54431 | Depths:5 | Identified the ring "Leung" {+Blink rPois Dex+7 Slay+2}
 54485 | Depths:5 | XOM: polymorph eye of draining -> komodo dragon
 54490 | Depths:5 | XOM: 1-stop teleportation journey
 54519 | Depths:5 | XOM: stat loss: -1 Int (15/16)
 54529 | Depths:5 | XOM: cleaving
 54533 | Depths:5 | Reached skill level 26 in Fighting
 54539 | Depths:5 | XOM: noise
 54553 | Depths:5 | Identified the ring of Liuv {rF- rN++ Int+5 SInv}
 54557 | Depths:5 | XOM: potion effect (brilliance)
 54780 | Depths:5 | Identified the ring "Heshrelips" {rElec rF+ rN+}
 54818 | Depths:5 | XOM: confuse monster(s)
 54926 | Depths:5 | XOM: enchant monster (bad)
 54930 | Depths:5 | Reached skill level 17 in Invocations
 55078 | Depths:5 | XOM: harmless Air miscast
 55119 | Depths:5 | Received a gift from Nemelex Xobeh
 55122 | Depths:5 | Found Miej's Assorted Antiques.
 55128 | Depths:5 | Bought a scroll of enchant weapon for 330 gold pieces
 55131 | Depths:5 | Bought a scroll of fog for 88 gold pieces
 55131 | Depths:5 | Bought a scroll of teleportation for 132 gold pieces
 55131 | Depths:5 | Bought a scroll of teleportation for 132 gold pieces
 55256 | Depths:5 | XOM: divination: detect creatures
 55260 | Depths:5 | XOM: summons friendly crimson imp
 55266 | Depths:5 | XOM: summons friendly crimson imp
 55327 | Depths:5 | XOM: confusion (+ monsters)
 55675 | Depths:5 | Found a gate to the Realm of Zot.
 55736 | Depths:5 | Found a transporter.
 56144 | Vaults:3 | Entered Level 3 of the Vaults
 56148 | Vaults:3 | Noticed a golden dragon
 56149 | Vaults:3 | Found the +10 Black Knight's horse barding {ponderous,
                  | rPois rN+}
 56157 | Vaults:3 | XOM: enchant monster (good)
 56192 | Vaults:3 | XOM: polymorph vault warden -> frost giant
 56219 | Vaults:3 | XOM: god gift: scroll of blinking
 56452 | Vaults:3 | XOM: cloud trail
 56471 | Vaults:3 | Reached skill level 12 in Dodging
 56484 | Vaults:3 | Reached XP level 27. HP: 180/269 MP: 35/35
 56508 | Vaults:3 | XOM: polymorph vault guard -> dire elephant
 56735 | Vaults:3 | Reached skill level 16 in Armour
 56805 | Vaults:3 | XOM: give mutations
 56805 | Vaults:3 | Lost mutation: Scrolls take you a little longer to read.
                  | [Xom's mischief]
 56805 | Vaults:3 | Lost mutation: You are highly resistant to hostile
                  | enchantments. (MR++) [Xom's mischief]
 56805 | Vaults:3 | Lost mutation: Your spells are a little harder to cast, but
                  | a little more powerful. [Xom's mischief]
 56813 | Vaults:3 | Reached skill level 16 in Shields
 56866 | Vaults:3 | Found Ylahofen's Food Shop.
 56901 | Vaults:3 | XOM: silly message
 56953 | Vaults:3 | Identified the +5 trident of Fundamental Breach {pierce,
                  | Int+3}
 56963 | Vaults:3 | Found Cuikovo's Distillery.
 56972 | Vaults:3 | XOM: harmless Tloc miscast
 57033 | Vaults:3 | XOM: enchant monster (bad)
 57092 | Vaults:3 | Found Alapsom's Distillery.
 57096 | Vaults:3 | Bought a potion of heal wounds for 50 gold pieces
 57096 | Vaults:3 | Bought a potion of might for 40 gold pieces
 57096 | Vaults:3 | Bought a potion of agility for 40 gold pieces
 57096 | Vaults:3 | Bought a potion of agility for 40 gold pieces
 57096 | Vaults:3 | Bought a potion of invisibility for 80 gold pieces
 57096 | Vaults:3 | Bought a potion of curing for 25 gold pieces
 57096 | Vaults:3 | Bought a potion of mutation for 80 gold pieces
 57096 | Vaults:3 | Bought a potion of mutation for 80 gold pieces
 57096 | Vaults:3 | Bought a potion of flight for 40 gold pieces
 57096 | Vaults:3 | Bought a potion of agility for 40 gold pieces
 57122 | Vaults:3 | Identified the amulet of Ehoiwk {Acrobat rF- MR+++ Int+2}
 57244 | Vaults:3 | Noticed a golden dragon
 57248 | Vaults:3 | XOM: fog
 57262 | Vaults:3 | Killed a golden dragon
 57263 | Vaults:3 | Reached skill level 18 in Invocations
 57265 | Vaults:3 | XOM: enchant monster (bad)
 57326 | Vaults:3 | XOM: harmless Fire miscast
 57361 | Vaults:3 | XOM: noise
 57383 | Vaults:3 | XOM: give mutation
 57383 | Vaults:3 | Lost mutation: Your flesh is cold resistant. (rC+) [Xom's
                  | mischief]
 57388 | Vaults:3 | Killed a golden dragon
 57555 | Vaults:3 | Noticed a juggernaut
 57576 | Vaults:3 | Killed a juggernaut
 57577 | Vaults:3 | XOM: give mutations
 57577 | Vaults:3 | Gained mutation: Your spells are a little harder to cast,
                  | but a little more powerful. [Xom's grace]
 57577 | Vaults:3 | Gained mutation: You have hoof-like feet. [Xom's grace]
 57577 | Vaults:3 | Gained mutation: Your flesh is heat resistant. (rF+) [Xom's
                  | grace]
 57577 | Vaults:3 | Gained mutation: You expend magic power (3 MP) to
                  | strengthen your wands. [Xom's grace]
 57603 | Vaults:3 | Identified the cursed +0 leather armour of Dishonour {Str+4
                  | Slay+2}
 57606 | Vaults:3 | Got a silver rune of Zot
 57635 | Vaults:3 | Received a gift from Nemelex Xobeh
 57650 | Vaults:3 | XOM: summons friendly iron imp
 57653 | Vaults:3 | XOM: summons friendly neqoxec
 57781 | Vaults:3 | Reached skill level 27 in Fighting
 57927 | Vaults:3 | XOM: god gift: falchion {god gift}
 57968 | Vaults:3 | XOM: swap monsters
 58071 | Vaults:3 | XOM: god gift: potion of berserk rage
 58136 | Vaults:3 | Bought a potion of resistance for 180 gold pieces
 58136 | Vaults:3 | Bought a potion of curing for 45 gold pieces
 58136 | Vaults:3 | Bought a potion of curing for 45 gold pieces
 58136 | Vaults:3 | Bought a potion of heal wounds for 90 gold pieces
 58136 | Vaults:3 | Bought a potion of curing for 45 gold pieces
 58136 | Vaults:3 | Bought a potion of invisibility for 144 gold pieces
 58136 | Vaults:3 | Bought a potion of might for 72 gold pieces
 58136 | Vaults:3 | Bought a potion of mutation for 144 gold pieces
 58180 | Vaults:3 | Identified the +6 morningstar of the Oracle {freeze, rElec
                  | rF+ SInv}
 58261 | Vaults:3 | XOM: god gift: staff of wizardry
 58486 | Vaults:3 | XOM: give mutations
 58486 | Vaults:3 | Gained mutation: Your mind is acute. (Int +2) [Xom's grace]
 58486 | Vaults:3 | Gained mutation: You possess an exceptional clarity of
                  | mind. [Xom's grace]
 58486 | Vaults:3 | Gained mutation: Your flesh is cold resistant. (rC+) [Xom's
                  | grace]
 58658 | D:12     | XOM: cloud trail
 58757 | Zot:1    | Entered Level 1 of the Realm of Zot
 58757 | Zot:1    | Found the +0 pair of fencer's gloves {Riposte Dex+6}
 58757 | Zot:1    | XOM: scenery: create altars
 58763 | Zot:1    | XOM: enchant monster (good)
 58767 | Zot:1    | Reached skill level 8 in Evocations
 58767 | Zot:1    | Received a gift from Nemelex Xobeh
 58767 | Zot:1    | XOM: 1-stop teleportation journey
 58989 | Zot:1    | XOM: 1-stop teleportation journey
 59080 | Zot:1    | XOM: divination: detect items
 59088 | Zot:1    | Reached skill level 9 in Evocations
 59095 | Zot:1    | XOM: scenery: create altars
 59105 | Zot:1    | XOM: scenery: create altars
 59251 | Zot:1    | XOM: fog
 59286 | Zot:1    | Reached skill level 10 in Evocations
 59331 | Zot:1    | XOM: polymorph shadow dragon -> emperor scorpion
 59871 | D:12     | XOM: god gift: leather armour {god gift}
 59970 | D:7      | Bought a wand of charming (13) for 182 gold pieces
 60174 | Zot:2    | XOM: divine lightning
 60194 | Zot:1    | XOM: cleaving
 60200 | Zot:1    | XOM: smoke on damage
 60369 | Zot:2    | Reached skill level 11 in Evocations
 60379 | Zot:1    | XOM: cast spell 'Olgreb's Toxic Radiance'
 60380 | Zot:1    | Identified the +0 long sword "Qafiw" {drain, +Rage rElec
                  | Str+3 Dex+4}
 60476 | Zot:2    | XOM: destruction
 60714 | Zot:2    | XOM: cleaving
 60751 | Zot:2    | XOM: noise
 60756 | Zot:2    | XOM: swap monsters
 60836 | Zot:2    | XOM: enchant monster (bad)
 61011 | Zot:2    | XOM: swap monsters
 61603 | Zot:2    | XOM: cloud trail
 61645 | Zot:2    | Identified the cursed +1 chain mail of Bedazzling Liberty
                  | {rC+}
 61756 | Zot:2    | Received a gift from Nemelex Xobeh
 61899 | Zot:2    | XOM: divination: detect items
 61907 | Zot:2    | XOM: 1-stop teleportation journey
 62240 | Zot:3    | XOM: summons 5 friendly demons
 62271 | Zot:3    | XOM: confuse monster(s)
 62283 | Zot:3    | XOM: potion effect (might)
 62294 | Zot:3    | XOM: potion effect (invisibility)
 62299 | Zot:3    | XOM: scenery: create altars
 62351 | Zot:4    | Noticed a golden dragon
 62366 | Zot:4    | Killed a golden dragon
 62396 | Zot:4    | XOM: potion effect (agility)
 62561 | Zot:4    | Reached skill level 13 in Dodging
 62593 | Zot:5    | Entered Level 5 of the Realm of Zot
 62728 | Zot:5    | Noticed an orb of fire
 62731 | Zot:5    | Lost mutation: Your mind is acute. (Int +2) [an orb of
                  | fire]
 62737 | Zot:5    | Gained mutation: Armour fits poorly on your strangely
                  | shaped body. [an orb of fire]
 62739 | Zot:5    | Lost mutation: Your spells are a little harder to cast, but
                  | a little more powerful. [an orb of fire]
 62741 | Zot:5    | XOM: divine lightning
 62741 | Zot:5    | Lost mutation: You possess an exceptional clarity of mind.
                  | [an orb of fire]
 62744 | Zot:5    | Killed an orb of fire
 62745 | Zot:5    | XOM: noise
 62757 | Zot:5    | XOM: smoke on damage
 62759 | Zot:5    | XOM: polymorph Orb Guardian -> azure jelly
 62766 | Zot:5    | XOM: potion effect (invisibility)
 62904 | Zot:5    | XOM: cast spell 'Summon Scorpions'
 62982 | Zot:5    | Received a gift from Nemelex Xobeh
 63127 | Zot:5    | XOM: cleaving
 63186 | Zot:5    | XOM: enchant monster (bad)
 63254 | Zot:5    | Noticed an orb of fire
 63259 | Zot:5    | XOM: medium Necr miscast
 63261 | Zot:5    | Gained mutation: Your magical capacity is low. (-10% MP)
                  | [an orb of fire]
 63264 | Zot:5    | XOM: potion effect (haste)
 63271 | Zot:5    | Killed an orb of fire
 63349 | Zot:5    | XOM: 10-stop teleportation journey
 63356 | Zot:5    | XOM: cloud trail
 63428 | Zot:5    | XOM: god gift: 168 sling bullets
 63456 | Zot:5    | Noticed a Killer Klown
 63467 | Zot:5    | Killed a Killer Klown
 63583 | Zot:5    | XOM: scenery: create altars
 63657 | Zot:5    | XOM: enchant monster (good)
 63666 | Zot:5    | Reached skill level 17 in Armour
 63692 | Zot:5    | Noticed an ancient lich
 63734 | Zot:5    | Noticed an ancient lich
 63739 | Zot:5    | XOM: polymorph green death -> lorocyproca
 63741 | Zot:5    | XOM: polymorph lorocyproca -> balrug
 63741 | Zot:5    | Noticed a Killer Klown
 63745 | Zot:5    | Noticed an orb of fire
 63748 | Zot:5    | Killed an ancient lich
 63749 | Zot:5    | Reached skill level 19 in Invocations
 63752 | Zot:5    | XOM: summons friendly rust devil
 63756 | Zot:5    | XOM: fog
 63759 | Zot:5    | Killed a Killer Klown
 63761 | Zot:5    | Killed an orb of fire
 63764 | Zot:5    | Noticed a golden dragon
 63766 | Zot:5    | Killed an ancient lich
 63767 | Zot:5    | Reached skill level 14 in Dodging
 63767 | Zot:5    | Reached skill level 17 in Shields
 63771 | Zot:5    | XOM: destruction
 63774 | Zot:5    | XOM: fake destruction
 63779 | Zot:5    | XOM: summons friendly quasit
 63794 | Zot:5    | XOM: 5-stop teleportation journey
 63899 | Zot:5    | XOM: 2-stop teleportation journey
 63903 | Zot:5    | Noticed an ancient lich
 63914 | Zot:5    | Noticed a Killer Klown
 63914 | Zot:5    | Killed an ancient lich
 63922 | Zot:5    | XOM: 7-stop teleportation journey
 63934 | Zot:5    | Killed a golden dragon
 63993 | Zot:5    | Killed a Killer Klown
 64020 | Zot:5    | XOM: destruction
 64131 | Zot:5    | Noticed a Killer Klown
 64140 | Zot:5    | Noticed an ancient lich
 64146 | Zot:5    | Killed a Killer Klown
 64166 | Zot:5    | Noticed an orb of fire
 64167 | Zot:5    | XOM: scenery: create altars
 64174 | Zot:5    | XOM: scenery: create altars
 64179 | Zot:5    | Killed an ancient lich
 64186 | Zot:5    | Killed an orb of fire
 64268 | Zot:5    | Got the Orb of Zot
 64294 | Zot:5    | XOM: give mutations
 64294 | Zot:5    | Gained mutation: You evolve. [Xom's grace]
 64294 | Zot:5    | Gained mutation: You have hooves in place of feet. [Xom's
                  | grace]
 64294 | Zot:5    | Gained mutation: You are agile. (Dex +2) [Xom's grace]
 64294 | Zot:5    | Gained mutation: You are very agile. (Dex +4) [Xom's grace]
 64295 | Zot:5    | Noticed Jubis the pandemonium lord
 64301 | Zot:5    | Killed Jubis the pandemonium lord
 64439 | Zot:2    | Noticed Gogov the pandemonium lord
 64460 | Zot:2    | Killed Gogov the pandemonium lord
 64473 | Zot:1    | Reached skill level 18 in Armour
 64517 | Depths:5 | Lost mutation: Your magical capacity is low. (-10% MP)
                  | [evolution]
 64536 | Depths:4 | Noticed Restraqant the pandemonium lord
 64536 | Depths:4 | Noticed an ancient lich
 64573 | Depths:2 | XOM: give mutation
 64573 | Depths:2 | Gained mutation: You are partially covered in slimy green
                  | scales. (AC +2) [Xom's grace]
 64595 | Depths:1 | Reached skill level 20 in Invocations
 64600 | Depths:1 | XOM: polymorph large abomination -> flying skull
 64601 | Depths:1 | XOM: summons 14 friendly demons
 64774 | D:5      | XOM: polymorph Orb Guardian -> ettin
 64857 | D:$      | Escaped with the Orb!

Skill      XL: |  1  2  3  4  5  6  7  8  9 10 11 12 13 14 15 16 17 18 19 20 21 22 23 24 25 26 27 |
---------------+----------------------------------------------------------------------------------+-----
Fighting       | 4 5 6 7 9 11 12 13 14 16 18 20 21 23 24 25 26 27 | 27.0
Axes           | 4 5 7 8 9 11 13 16 17 18 | 18.0
Armour         | 2 4 6 7 8 10 11 12 13 14 15 18 | 18.0
Dodging        | 3 4 6 7 9 10 11 12 14 | 14.0
Evocations     | 3 4 6 7 11 | 11.0
Invocations    | 5 8 9 10 11 12 13 15 17 20 | 20.0
Slings         | 3 8 9 12 13 14 15 16 | 16.0
Shields        | 9 10 12 13 14 15 17 | 17.9

Action                   |  1- 3 |  4- 6 |  7- 9 | 10-12 | 13-15 | 16-18 | 19-21 | 22-24 | 25-27 || total
-------------------------+-------+-------+-------+-------+-------+-------+-------+-------+-------++-------
Melee: Hand axe          |    73 |   138 |   360 |   493 |       |       |       |       |       ||  1064
       Kick              |       |       |   105 |   225 |   270 |       |       |       |    32 ||   632
       Broad axe         |       |       |       |    77 |   804 |   796 |  1096 |  1285 |  1573 ||  5631
       Peck              |       |       |       |    28 |   252 |   236 |   357 |   485 |   624 ||  1982
       Headbutt          |       |       |       |       |       |       |     9 |       |       ||     9
 Fire: Fustibalus        |       |       |       |    62 |    62 |   492 |   249 |   181 |   581 ||  1627
Throw: Tomahawk          |       |       |    35 |    56 |    30 |    18 |    11 |     7 |    26 ||   183
       Throwing net      |       |       |       |       |       |       |       |     1 |     6 ||     7
Invok: Triple Draw       |       |       |       |       |     1 |       |       |       |       ||     1
       Deal Four         |       |       |       |       |       |     1 |     4 |     5 |     4 ||    14
       Stack Five        |       |       |       |       |       |       |       |     1 |     1 ||     2
 Abil: Hop               |       |     2 |     3 |     8 |     3 |     9 |    12 |     9 |    14 ||    60
       Draw Summoning    |       |       |       |    11 |     9 |     6 |     1 |    12 |    12 ||    51
       Draw Destruction  |       |       |       |     8 |     7 |    14 |    16 |    10 |    17 ||    72
       Evoke Flight      |       |       |       |     1 |       |     1 |       |       |       ||     2
       Draw Escape       |       |       |       |       |       |     2 |     1 |     2 |       ||     5
       Draw Stack        |       |       |       |       |       |       |       |     2 |     1 ||     3
       Blink             |       |       |       |       |       |       |       |       |     2 ||     2
Evoke: Wand              |       |       |       |     3 |     2 |     2 |     2 |    11 |    26 ||    46
       Phial of floods   |       |       |       |     1 |       |       |       |       |     1 ||     2
       Lamp of fire      |       |       |       |       |       |     2 |     2 |     4 |     1 ||     9
       Phantom mirror    |       |       |       |       |       |       |       |       |     1 ||     1
  Use: Scroll            |     1 |       |     9 |    15 |     6 |     4 |     2 |    12 |    26 ||    75
       Potion            |       |       |     3 |       |     1 |     4 |     1 |     3 |    17 ||    29
 Stab: Confused          |     1 |       |       |     1 |     5 |    13 |     4 |     6 |    20 ||    50
       Paralysed         |       |     3 |       |       |     2 |       |       |       |     9 ||    14
       Distracted        |       |       |     2 |     6 |     2 |     5 |     4 |     1 |     7 ||    27
       Petrified         |       |       |       |       |     3 |       |    14 |       |     9 ||    26
       Petrifying        |       |       |       |       |     2 |       |     2 |       |       ||     4
       Invisible         |       |       |       |       |     1 |       |     5 |     4 |    18 ||    28
       Sleeping          |       |       |       |       |       |       |     1 |     2 |       ||     3
       Held in net/web   |       |       |       |       |       |       |       |     2 |     4 ||     6
  Eat: Chunk             |     3 |     6 |    31 |    84 |    67 |    90 |   145 |    77 |   127 ||   630
       Ration            |       |       |       |       |       |     1 |       |    15 |     5 ||    21
Armor: Leather armour    |    25 |    36 |    84 |    38 |       |       |       |       |       ||   183
       Chain mail        |       |       |       |   218 |   380 |   335 |   365 |   375 |    98 ||  1771
       Gold dragon scale |       |       |       |       |       |       |       |       |   480 ||   480
Dodge: Dodged            |    41 |    62 |   172 |   315 |   442 |   205 |   171 |   227 |   325 ||  1960
Block: Medium shield     |       |       |       |       |       |   131 |       |       |       ||   131
       Large shield      |       |       |       |       |       |   603 |  1256 |  1503 |  1873 ||  5235
       Reflection        |       |       |       |       |       |    90 |   112 |    37 |   102 ||   341
       Rpst.: Broad axe  |       |       |       |       |       |       |       |       |    28 ||    28

Levels and vault maps discovered:
D:1:      doesnt_arrival_eight_statues, layout_rooms, minmay_misc_feat_roman,
          hex_tiny, nicolae_figureground_pulse
D:2:      layout_basic, uniq_terence
D:3:      layout_loops_corners, serial_bayou_crossing
D:4:      minmay_wonky_spiral, layout_basic, minmay_misc_feat_enclosed,
          uniq_duvessa
D:5:      layout_rooms, nicolae_temple_entry_ecumenical, first_ration,
          kennysheep_cluttered_room
D:6:      layout_loops_ring, nicolae_ossuary_entry_plus,
          hangedman_abyss_or_decor_slice, uniq_sigmund, uniq_prince_ribbit1
D:7:      layout_rooms, grunt_lair_entry_orc_guard_hut, serial_shops,
          nicolae_shop_behind_doors, uniq_joseph
D:8:      layout_loops_ring, erik_orc_4, serial_shops, shop, eino_curves_04,
          kb_rosetta, uniq_psyche
D:9:      minmay_spotlight, layout_long_grid,
          chequers_temple_overflow_statue_of_worship, basic_altar, uniq_harold
D:10:     layout_roguey
D:11:     dreamdust_dug_too_deep, layout_basic,
          lightli_vaults_fourway_checkpoint, serial_shops, kennysheep_mini,
          uniq_kirke
D:12:     hangedman_depths_entry_try_elsewhere_first, layout_loops_cross,
          grunt_decor_cap, hangedman_little_slice_of_home, uniq_gastronok
Temple:   minmay_crystal_snake_temple
Lair:1:   layout_long_grid, basic_altar
Lair:2:   layout_roguey, elwin_shoals_entry_rooms, guppyfry_snake_entry_garden,
          nicolae_quartered_pool_super, st_stairs_9
Lair:3:   layout_chaotic_city, minmay_lair_oklob_chamber, grunt_megastairs_5
Lair:4:   layout_cave_pods, minmay_stone_trees_small,
          chequers_serial_rivers_room_b, kennysheep_abandoned_house
Lair:5:   layout_misc_corridors, chequers_serial_rivers_small_b
Lair:6:   due_jungle_book, layout_regular_city, minmay_slime_entry_oklob_open,
          pond
Shoals:1: layout_shoals, ebering_ghost_xom
Shoals:2: layout_shoals, lemuel_centaur_altar
Shoals:3: shoals_end_grunt_ice, layout_shoals
Snake:1:  layout_onion, serial_shops, nicolae_shop_waterfront, special_room,
          st_stairs_8, serial_bayou_lagoon_a, lemuel_oklob_altar,
          lemuel_fruit_tree, grunt_megastairs_3
Snake:2:  layout_grid_maze, minmay_shop_star, uniq_agnes, uniq_saint_roka,
          uniq_aizul
Snake:3:  snake_pit, layout_onion
Orc:      pf_orc_diabolical, layout_caves, serial_shops, bzr_entry_gold,
          portal_ice_cave_entry_imps, uniq_nessos
Elf:1:    nicolae_elf_arrival_aired_out, layout_loops_cross, special_room
          [special_room_orc], serial_shops, shop, minmay_elf_annihilation
Elf:2:    nicolae_elf_blades_splatter_lattice [nicolae_blade_entry_pointy_end],
          layout_geoelf_diagonals
Vaults:1: nicolae_vaults_sealed_display, nicolae_vaults_little_squares_5,
          grunt_vaults_bifocal, dpeg_vaults_monster_row,
          nicolae_vaults_windows_and_doors_thing,
          minmay_crypt_entry_simple_round, v_misc_5, vaults_dpeg_encased_lava,
          v_alt_pattern_2, nicolae_vaults_angled_halls,
          nicolae_vaults_little_squares_6, nicolae_vaults_asterisk,
          nicolae_vaults_diagonal_hallway_8, layout_vaults_omnicross,
          uniq_bai_suzhen
Vaults:2: v_rooms_4, vaults_room_stairs_pillars, nicolae_vaults_angled_halls,
          v_misc_12, hangedman_vaults_slither, grunt_vaults_hallway_short,
          grunt_vaults_hallway_short, v_misc_14, layout_vaults_quadrants,
          serial_shops, shop
Vaults:3: serial_shops
Crypt:1:  layout_chaotic_city, grunt_crypt_arrival_guarded_gate
Crypt:2:  church_of_pain_bobbens, layout_chaotic_city,
          tomb_entry_sphere_bobbens, uniq_jory
Depths:1: minmay_the_grid_octo_triangle [minmay_the_grid_octo_shrine,
          minmay_the_grid_octo_prize_single_spiral, minmay_the_grid_octo_focus],
          layout_cave_shapes, hell_entry, amcnicky_altar_lugonu_corruption
Depths:2: cross_vault, layout_honeycomb, enter_ziggurat_f, ashenzari_altar_1,
          rand_demon_pan_entry_8, grunt_mini_vestibule,
          infiniplex_staircase_pool_2, uniq_xtahua
Depths:3: minmay_textured_paths, layout_gridlike, grunt_pan_entry_spiral,
          abyss_entry, serial_co_window_serial, co_window_corner_a,
          co_window_paths_a, co_window_paths_a, co_window_corner_a,
          co_window_corner_a, co_window_unsneaky_path_a, co_window_broadway_a,
          co_window_corner_b, nemelex_xobeh_ov_fountains_minmay, hell_entry,
          st_stairs_7, lightli_minifort, uniq_mennas, uniq_nikola
Depths:4: minmay_octagon_city, layout_cave_pools, minmay_room_of_horrors,
          hell_entry, minmay_misc_feat_room, infiniplex_staircase_zigzag_3,
          uniq_frederick, uniq_enchantress
Depths:5: hangedman_spin_cycle, hell_entry, abyss_entry, pan_entry
Zot:1:    layout_misc_corridors
Zot:2:    layout_onion_interference, grunt_ministairs_11,
          hangedman_elemental_corridor, grunt_megastairs_2
Zot:3:    layout_basic
Zot:4:    infiniplex_zot_generator, layout_gridlike, st_small_dragon_hoard_2
Zot:5:    layout_misc_corridors

Table legend:
 A = Turns spent in this place as a percentage of turns spent in the entire game.
 B = Non-inter-level travel turns spent in this place as a percentage of non-inter-level travel turns spent in the entire game.
 C = Inter-level travel turns spent in this place as a percentage of turns spent in this place.
 D = Turns resting spent in this place as a percentage of non-inter-level travel turns spent in this place.
 E = Turns spent auto-exploring this place as a percentage of non-inter-level travel turns spent in this place.
 F = Non-inter-level travel turns spent in this place divided by the number of levels of this place that you've seen.
                   A       B       C       D       E      F
               +-------+-------+-------+-------+-------+----------------------
         Total | 100.0 | 100.0 |   9.9 |  15.1 |  51.4 | 1243.7
       Dungeon |  23.4 |  21.3 |  17.7 |   7.3 |  65.6 | 1038.9
        Temple |   0.4 |   0.3 |  19.6 |   0.0 |  88.1 | 193.0
          Lair |  13.1 |  12.9 |  11.1 |  10.4 |  64.5 | 1260.2
        Shoals |   5.7 |   5.9 |   6.4 |  14.1 |  62.7 | 1150.7
     Snake Pit |   5.8 |   5.8 |   9.7 |  11.2 |  51.5 | 1134.7
  Orcish Mines |   1.7 |   1.7 |  12.1 |  14.4 |  45.5 | 993.0
   Elven Halls |   4.5 |   4.8 |   4.0 |   6.9 |  57.8 | 1396.0
        Vaults |  10.3 |  10.8 |   5.9 |  12.7 |  50.3 | 2105.7
         Crypt |   6.6 |   7.0 |   4.3 |  24.4 |  37.4 | 2035.5
        Depths |  18.6 |  18.8 |   9.3 |  20.0 |  45.5 | 2193.4
           Zot |   7.5 |   8.1 |   3.6 |  36.4 |  21.6 | 944.0
         Abyss |   0.9 |   0.9 |   0.0 |  16.8 |   4.7 | 555.0
        Bazaar |   0.3 |   0.4 |   0.0 |   0.0 |  24.6 | 211.0
       Ossuary |   0.5 |   0.5 |   0.0 |  22.7 |   0.0 | 300.0
      Ice Cave |   0.7 |   0.8 |   0.0 |  11.5 |  15.5 | 452.0
               +-------+-------+-------+-------+-------+----------------------

Table legend:
 A = Kills in this place as a percentage of kills in entire the game.
 B = Kills by you in this place as a percentage of kills by you in the entire game.
 C = Kills by friends in this place as a percentage of kills by friends in the entire game.
 D = Other kills in this place as a percentage of other kills in the entire game.
 E = Experience gained in this place as a percentage of experience gained in the entire game.
 F = Experience gained in this place divided by the number of levels of this place that you have seen.
                   A       B       C       D       E      F
               +-------+-------+-------+-------+-------+----------------------
         Total | 100.0 | 100.0 | 100.0 | 100.0 | 100.0 | 37391.5
       Dungeon |  18.1 |  18.4 |  21.2 |   6.2 |   3.7 | 5406.2
          Lair |   6.6 |   6.2 |  16.1 |   2.5 |   2.4 | 7101.5
        Shoals |   4.8 |   4.3 |   5.1 |  18.5 |   3.6 | 20975.7
     Snake Pit |   6.2 |   6.5 |   0.8 |   6.2 |   4.8 | 28062.0
  Orcish Mines |   4.5 |   4.2 |   5.1 |  11.1 |   1.2 | 21724.0
   Elven Halls |   6.6 |   6.1 |  10.2 |  14.8 |   5.3 | 46677.0
        Vaults |  14.3 |  14.4 |  12.7 |  13.6 |  16.9 | 98836.0
         Crypt |   9.2 |   9.7 |   3.4 |   3.7 |   8.9 | 78472.5
        Depths |  19.5 |  20.0 |  11.9 |  18.5 |  31.9 | 112193.4
           Zot |   6.3 |   6.2 |  11.0 |   3.7 |  19.8 | 69543.6
         Abyss |   2.0 |   2.1 |   2.5 |   0.0 |   1.1 | 19588.0
       Ossuary |   0.7 |   0.8 |   0.0 |   0.0 |   0.0 | 178.0
      Ice Cave |   1.2 |   1.2 |   0.0 |   1.2 |   0.3 | 5821.0
               +-------+-------+-------+-------+-------+----------------------
